Workbook
Name _1Excel_BuiltIn_Print_Area_1_1_1: 'Прил 1'!$A$1:$C$29
Name _2Excel_BuiltIn_Print_Area_7_1_1: #REF!
Name _2Excel_BuiltIn_Print_Area_7_1_1: #REF!
Name _Toc105952698: 'Прил 3 '!$A$2
Name _Toc105952698: #REF!
Name Excel_BuiltIn_Print_Area_1: 'Прил 1'!$A$1:$C$29
Name Excel_BuiltIn_Print_Area_1_1: 'Прил 1'!$A$1:$C$29
Name Excel_BuiltIn_Print_Area_2: #REF!
Name Excel_BuiltIn_Print_Area_2: #REF!
Name Excel_BuiltIn_Print_Area_3: #REF!
Name Excel_BuiltIn_Print_Area_3_1: #REF!
Name Excel_BuiltIn_Print_Area_3_1: #REF!
Name Excel_BuiltIn_Print_Area_4: #REF!
Name Excel_BuiltIn_Print_Area_4: #REF!
Name Excel_BuiltIn_Print_Area_5: 'Прил 3 '!$A$1:$I$44
Name Excel_BuiltIn_Print_Area_5: #REF!
Name Excel_BuiltIn_Print_Area_5_1: 'Прил 3 '!$A$1:$I$44
Name Excel_BuiltIn_Print_Area_5_1: #REF!
Name Excel_BuiltIn_Print_Area_6: 'Прил 2'!$A$1:$G$47
Name Excel_BuiltIn_Print_Area_6_1: 'Прил 2'!$A$1:$G$47
Name Excel_BuiltIn_Print_Area_7: #REF!
Name Excel_BuiltIn_Print_Area_7: #REF!
Name Excel_BuiltIn_Print_Area_7_1: #REF!
Name Excel_BuiltIn_Print_Area_7_1: #REF!

Sheet Прил 1
C1: Приложение 1 к решению Совета депутатов Пушкинского сельского поселения "О бюджете Пушкинского сельского поселения Кадошкинского муниципального района Республики Мордовия на 2022 год и на плановый период 2023 и 2024 годов"
A2: ДОХОДЫ БЮДЖЕТА ПУШКИНСКОГО СЕЛЬСКОГО ПОСЕЛЕНИЯ КАДОШКИНСКОГО МУНИЦИПАЛЬНОГО РАЙОНА РЕСПУБЛИКИ МОРДОВИЯ
C3: (тыс.рублей)
A4: Код бюджетной классификации доходов бюджета | B4: Наименование доходов | C4: Сумма
C5: 2022 год | D5: 2023 год | E5: 2024 год
A6: 1 | B6: 2 | C6: 3 | D6: 4 | E6: 5
B7: ВСЕГО ДОХОДОВ | C7: =SUM(C8+C22) -> 4842.47 | D7: =SUM(D8+D22) -> 1406.7 | E7: =SUM(E8+E22) -> 1432.3
A8: 00010000000000000000 | B8: НАЛОГОВЫЕ И НЕНАЛОГОВЫЕ ДОХОДЫ | C8: =C9+C12+C14+C17+C19 -> 3709.6 | D8: =D9+D12+D14+D17 -> 739.4 | E8: =E9+E12+E14+E17 -> 729.6
A9: 00010100000000000000 | B9: НАЛОГИ НА ПРИБЫЛЬ, ДОХОДЫ | C9: =SUM(C10) -> 23 | D9: =SUM(D10) -> 50 | E9: =SUM(E10) -> 24
A10: 00010102000010000110 | B10: Налог на доходы физических лиц | C10: =SUM(C11) -> 23 | D10: =SUM(D11) -> 50 | E10: =SUM(E11) -> 24
A11: 18210102010010000110 | B11: Налог на доходы физических лиц с доходов, источником которых является налоговый агент, за исключением доходов, в отношении которых исчисление и уплата налога осуществляются в соответствии со статьями 227, 2271 и 228 Налогового кодекса Российской Федерации | C11: 23 | D11: 50 | E11: 24
A12: 00010600000000000000 | B12: НАЛОГИ НА ИМУЩЕСТВО | C12: =SUM(C13) -> 62 | D12: =SUM(D13) -> 63 | E12: =SUM(E13) -> 64
A13: 18210601030100000110 | B13: Налог на имущество физических лиц, взимаемый по ставкам, применяемым к объектам налогообложения, расположенным в границах сельских поселений | C13: 62 | D13: 63 | E13: 64
A14: 00010606000000000110 | B14: Земельный налог | C14: =SUM(C15+C16) -> 493 | D14: =SUM(D15+D16) -> 495 | E14: =SUM(E15+E16) -> 505
A15: 18210606033100000110 | B15: Земельный налог с организаций, обладающих земельным участком, расположенным в границах сельских поселений | C15: 325 | D15: 335 | E15: 345
A16: 18210606043100000110 | B16: Земельный налог с физических лиц, обладающих земельным участком, расположенным в границах сельских поселений | C16: 168 | D16: 160 | E16: 160
A17: 00011100000000000000 | B17: ДОХОДЫ ОТ ИСПОЛЬЗОВАНИЯ ИМУЩЕСТВА, НАХОДЯЩЕГОСЯ В ГОСУДАРСТВЕННОЙ И МУНИЦИПАЛЬНОЙ СОБСТВЕННОСТИ | C17: =SUM(C18) -> 126.3 | D17: =SUM(D18) -> 131.4 | E17: =SUM(E18) -> 136.6
A18: 91911105025100000120 | B18: Доходы, получаемые в виде арендной платы, а также средства от продажи права на заключение договоров аренды за земли, находящиеся в собственности сельских поселений (за исключением земельных участков муниципальных бюджетных и автономных учреждений) | C18: 126.3 | D18: 131.4 | E18: 136.6
A19: 00011400000000000000 | B19: ДОХОДЫ ОТ ПРОДАЖИ МАТЕРИАЛЬНЫХ И НЕМАТЕРИАЛЬНЫХ АКТИВОВ | C19: =C20+C21 -> 3005.3 | D19: =D20 -> 0 | E19: =E20 -> 0
A20: 91911406025100000430 | B20: Доходы от продажи земельных участков, находящихся в собственности сельских поселений (за исключением земельных участков муниципальных бюджетных и автономных учреждений) | C20: 2447 | D20: 0 | E20: 0
A21: 91911402052100000440 | B21: Доходы от реализации имущества, находящегося в оперативном управлении учреждений, находящихся в ведении органов управления поселений (за исключением имущества муниципальных бюджетных и автономных учреждений), в части реализации материальных запасов по указанному имуществу | C21: =420+138.3 -> 558.3 | D21: 0 | E21: 0
A22: 00020200000000000000 | B22: БЕЗВОЗМЕЗДНЫЕ ПОСТУПЛЕНИЯ ОТ ДРУГИХ БЮДЖЕТОВ БЮДЖЕТНОЙ СИСТЕМЫ РОССИЙСКОЙ ФЕДЕРАЦИИ | C22: =SUM(C25+C28+C23) -> 1132.87 | D22: =SUM(D25+D28+D23) -> 667.3 | E22: =SUM(E25+E28+E23) -> 702.7
A23: 00020210000000000150 | B23: Дотации бюджетам бюджетной системы Российской Федерации | C23: =C24 -> 326.3 | D23: =D24 -> 0 | E23: =E24 -> 0
A24: 91920215002100000150 | B24: Дотации бюджетам сельских поселений на поддержку мер по обеспечению сбалансированности бюджетов | C24: 326.3 | D24: 0 | E24: 0
A25: 00020230000000000150 | B25: Субвенции бюджетам бюджетной системы Российской Федерации | C25: =SUM(C26+C27) -> 89.9 | D25: =SUM(D26+D27) -> 92.9 | E25: =SUM(E26+E27) -> 96.1
A26: 91920230024100000150 | B26: Субвенции на осуществление государственных полномочий Республики Мордовия по определению перечня должностных лиц, уполномоченных составлять протоколы об административных правонарушениях, предусмотренных Законом Республики Мордовия от 15 июня 2015 года № 38-З "Об административной ответственности на территории Республики Мордовия" | C26: 0.1 | D26: 0.1 | E26: 0.1
A27: 91920235118100000150 | B27: Субвенции бюджетам сельских поселений на осуществление первичного воинского учета на территориях, где отсутствуют военные комиссариаты | C27: 89.8 | D27: 92.8 | E27: 96
A28: 00020240000000000150 | B28: Иные межбюджетные трансферты | C28: =SUM(C29+C30) -> 716.67 | D28: =SUM(D29+D30) -> 574.4 | E28: =SUM(E29+E30) -> 606.6
A29: 91920240014100000150 | B29: Межбюджетные трансферты, передаваемые бюджетам сельских поселений из бюджетов муниципальных районов на осуществление части полномочий по решению вопросов местного значения в соответствии с заключенными соглашениями | C29: =526.2+40.4+118.2 -> 684.8 | D29: =534+40.4 -> 574.4 | E29: =566.2+40.4 -> 606.6
A30: 91920249999100000150 | B30: Прочие межбюджетные трансферты, передаваемые бюджетам сельских поселений | C30: 31.87 | D30: 0 | E30: 0

Sheet Прил 2
J1: Приложение 2 к решению Совета депутатов Пушкинского сельского поселения "О бюджете Пушкинского сельского поселения Кадошкинского муниципального района Республики Мордовия на 2022 год и на плановый период 2023 и 2024 годов"
A2: ВЕДОМСТВЕННАЯ СТРУКТУРА РАСХОДОВ БЮДЖЕТА ПУШКИНСКОГО СЕЛЬСКОГО ПОСЕЛЕНИЯ КАДОШКИНСКОГО МУНИЦИПАЛЬНОГО РАЙОНА РЕСПУБЛИКИ МОРДОВИЯ НА 2022 ГОД И НА ПЛАНОВЫЙ ПЕРИОД 2023 И 2024 ГОДОВ
L3: (тыс. рублей)
A4: Наименование | B4: Адм | C4: Рз | D4: Прз | E4: Цср | I4: Вр | J4: Сумма
J5: 2022 год | K5: 2023 год | L5: 2024 год
A6: 1 | B6: 2 | C6: 3 | D6: 4 | E6: 5 | F6: 6 | G6: 7 | H6: 8 | I6: 9 | J6: 10 | K6: 11 | L6: 12
A7: ВСЕГО | J7: =J8 -> 4376.4724 | K7: =K8 -> 1306.8 | L7: =L8 -> 1299.2
A8: Администрация Пушкинского сельского поселения Кадошкинского муниципального района Республики Мордовия | B8: 919 | J8: =J9+J48+J70+J79+J95+J102+J57 -> 4376.4724 | K8: =K9+K48+K70+K79+K95+K102+K115 -> 1306.8 | L8: =L9+L48+L70+L79+L95+L102+L115 -> 1299.2
A9: Общегосударственные вопросы | B9: 919 | C9: 01 | J9: =J10+J16+J33+J39 -> 2124.88 | K9: =K10+K16+K33+K39 -> 378.8 | L9: =L10+L16+L33+L39 -> 305.2
A10: Функционирование высшего должностного лица субъекта Российской Федерации и муниципального образования | B10: 919 | C10: 01 | D10: 02 | J10: =J11 -> 232 | K10: =K11 -> 134.3 | L10: =L11 -> 66.9
A11: Обеспечение деятельности администрации | B11: 919 | C11: 01 | D11: 02 | E11: 65 | J11: =J12 -> 232 | K11: =K12 -> 134.3 | L11: =L12 -> 66.9
A12: Высшее должностное лицо | B12: 919 | C12: 01 | D12: 02 | E12: 65 | F12: 1 | J12: =J13 -> 232 | K12: =K13 -> 134.3 | L12: =L13 -> 66.9
A13: Расходы на выплаты по оплате труда высшего должностного лица | B13: 919 | C13: 01 | D13: 02 | E13: 65 | F13: 1 | G13: 00 | H13: 41150 | J13: =J14 -> 232 | K13: =K14 -> 134.3 | L13: =L14 -> 66.9
A14: Расходы на выплаты персоналу в целях обеспечения выполнения функций государственными (муниципальными) органами, казенными учреждениями, органами управления государственными внебюджетными фондами | B14: 919 | C14: 01 | D14: 02 | E14: 65 | F14: 1 | G14: 00 | H14: 41150 | I14: 100 | J14: =J15 -> 232 | K14: =K15 -> 134.3 | L14: =L15 -> 66.9
A15: Расходы на выплаты персоналу государственных (муниципальных) органов | B15: 919 | C15: 01 | D15: 02 | E15: 65 | F15: 1 | G15: 00 | H15: 41150 | I15: 120 | J15: 232 | K15: =234.2-99.9 -> 134.3 | L15: =200-133.1 -> 66.9
A16: Функционирование Правительства Российской Федерации, высших органов исполнительной власти субъектов Российской Федерации, местных администраций | B16: 919 | C16: 01 | D16: 04 | J16: =J17+J28 -> 1880.7 | K16: =K17+K28 -> 243.5 | L16: =L17+L28 -> 237.3
A17: Обеспечение деятельности администрации | B17: 919 | C17: 01 | D17: 04 | E17: 65 | J17: =J18 -> 1880.6 | K17: =K18 -> 243.4 | L17: =L18 -> 237.2
A18: Непрограммные расходы в рамках обеспечения деятельности администрации | B18: 919 | C18: 01 | D18: 04 | E18: 65 | F18: 2 | J18: =J20+J22 -> 1880.6 | K18: =K20+K22 -> 243.4 | L18: =L20+L22 -> 237.2
A19: Расходы на выплаты по оплате труда работников органов местного самоуправления | B19: 919 | C19: 01 | D19: 04 | E19: 65 | F19: 2 | G19: 00 | H19: 41110 | J19: =J20 -> 944.4 | K19: =K20 -> 204.9 | L19: =L20 -> 200
A20: Расходы на выплаты персоналу в целях обеспечения выполнения функций государственными (муниципальными) органами, казенными учреждениями, органами управления государственными внебюджетными фондами | B20: 919 | C20: 01 | D20: 04 | E20: 65 | F20: 2 | G20: 00 | H20: 41110 | I20: 100 | J20: =J21 -> 944.4 | K20: =K21 -> 204.9 | L20: =L21 -> 200
A21: Расходы на выплаты персоналу государственных (муниципальных) органов | B21: 919 | C21: 01 | D21: 04 | E21: 65 | F21: 2 | G21: 00 | H21: 41110 | I21: 120 | J21: =324.4+520+100 -> 944.4 | K21: 204.9 | L21: 200
A22: Расходы на обеспечение функций органов местного самоуправления | B22: 919 | C22: 01 | D22: 04 | E22: 65 | F22: 2 | G22: 00 | H22: 41120 | J22: =J23+J25 -> 936.2 | K22: =K23+K25 -> 38.5 | L22: =L23+L25 -> 37.2
A23: Закупка товаров, работ и услуг для обеспечения государственных (муниципальных) нужд | B23: 919 | C23: 01 | D23: 04 | E23: 65 | F23: 2 | G23: 00 | H23: 41120 | I23: 200 | J23: =J24 -> 879.7 | K23: =K24 -> 26.5 | L23: =L24 -> 25.2
A24: Иные закупки товаров, работ и услуг для обеспечения государственных (муниципальных) нужд | B24: 919 | C24: 01 | D24: 04 | E24: 65 | F24: 2 | G24: 00 | H24: 41120 | I24: 240 | J24: =110.7+500+100+100-20+100-10-1 -> 879.7 | K24: 26.5 | L24: 25.2 | M24: -1
A25: Иные бюджетные ассигнования | B25: 919 | C25: 01 | D25: 04 | E25: 65 | F25: 2 | G25: 00 | H25: 41120 | I25: 800 | J25: =J27+J26 -> 56.5 | K25: =K27 -> 12 | L25: =L27 -> 12
A26: Исполнение судебных актов | B26: 919 | C26: 01 | D26: 04 | E26: 65 | F26: 2 | G26: 00 | H26: 41120 | I26: 830 | J26: 1 | K26: 0 | L26: 0 | M26: +1
A27: Уплата налогов, сборов и иных платежей | B27: 919 | C27: 01 | D27: 04 | E27: 65 | F27: 2 | G27: 00 | H27: 41120 | I27: 850 | J27: =35.5+20 -> 55.5 | K27: 12 | L27: 12
A28: Непрограммные расходы главных распорядителей средств бюджета Пушкинского сельского поселения Кадошкинского муниципального района Республики Мордовия | B28: 919 | C28: 01 | D28: 04 | E28: 89 | J28: =J29 -> 0.1 | K28: =K29 -> 0.1 | L28: =L29 -> 0.1
A29: Непрограммные расходы в рамках обеспечения деятельности главных распорядителей средств бюджета Пушкинского сельского поселения Кадошкинского муниципального района Республики Мордовия | B29: 919 | C29: 01 | D29: 04 | E29: 89 | F29: 1 | J29: =J30 -> 0.1 | K29: =K30 -> 0.1 | L29: =L30 -> 0.1
A30: Осуществление государственных полномочий Республики Мордовия по определению перечня должностных лиц, уполномоченных составлять протоколы об административных правонарушениях, предусмотренных Законом Республики Мордовия от 15 июня 2015 года № 38-З "Об административной ответственности на территории Республики Мордовия" | B30: 919 | C30: 01 | D30: 04 | E30: 89 | F30: 1 | G30: 00 | H30: 77150 | J30: =J31 -> 0.1 | K30: =K31 -> 0.1 | L30: =L31 -> 0.1
A31: Закупка товаров, работ и услуг для обеспечения государственных (муниципальных) нужд | B31: 919 | C31: 01 | D31: 04 | E31: 89 | F31: 1 | G31: 00 | H31: 77150 | I31: 200 | J31: =J32 -> 0.1 | K31: =K32 -> 0.1 | L31: =L32 -> 0.1
A32: Иные закупки товаров, работ и услуг для обеспечения государственных (муниципальных) нужд | B32: 919 | C32: 01 | D32: 04 | E32: 89 | F32: 1 | G32: 00 | H32: 77150 | I32: 240 | J32: 0.1 | K32: 0.1 | L32: 0.1
A33: Резервные фонды | B33: 919 | C33: 01 | D33: 11 | J33: =J34 -> 10.68 | K33: =K34 -> 1 | L33: =L34 -> 1
A34: Непрограммные расходы главных распорядителей средств бюджета Пушкинского сельского поселения Кадошкинского муниципального района Республики Мордовия | B34: 919 | C34: 01 | D34: 11 | E34: 89 | J34: =J35 -> 10.68 | K34: =K35 -> 1 | L34: =L35 -> 1
A35: Непрограммные расходы в рамках обеспечения деятельности главных распорядителей средств бюджета Пушкинского сельского поселения Кадошкинского муниципального района Республики Мордовия | B35: 919 | C35: 01 | D35: 11 | E35: 89 | F35: 1 | J35: =J36 -> 10.68 | K35: =K36 -> 1 | L35: =L36 -> 1
A36: Резервный фонд администрации Пушкинского сельского поселения Кадошкинского муниципального района Республики Мордовия | B36: 919 | C36: 01 | D36: 11 | E36: 89 | F36: 1 | G36: 00 | H36: 41180 | J36: =J37 -> 10.68 | K36: =K37 -> 1 | L36: =L37 -> 1
A37: Иные бюджетные ассигнования | B37: 919 | C37: 01 | D37: 11 | E37: 89 | F37: 1 | G37: 00 | H37: 41180 | I37: 800 | J37: =J38 -> 10.68 | K37: =K38 -> 1 | L37: =L38 -> 1
A38: Резервные средства | B38: 919 | C38: 01 | D38: 11 | E38: 89 | F38: 1 | G38: 00 | H38: 41180 | I38: 870 | J38: =1-0.32+10 -> 10.68 | K38: 1 | L38: 1
A39: Другие общегосударственные вопросы | B39: 919 | C39: 01 | D39: 13 | J39: =J40+J44 -> 1.5 | K39: =K40+K44 -> 0 | L39: =L40+L44 -> 0
A40: Программа "Развитие муниципальной службы в Пушкинском сельском поселении на 2020-2022 годы" | B40: 919 | C40: 01 | D40: 13 | E40: 01 | J40: =J41 -> 1 | K40: =K41 -> 0 | L40: =L41 -> 0
A41: Подготовка, переподготовка и повышение квалификации кадров | B41: 919 | C41: 01 | D41: 13 | E41: 01 | F41: 0 | G41: 00 | H41: 41250 | J41: =J42 -> 1 | K41: =K42 -> 0 | L41: =L42 -> 0
A42: Закупка товаров, работ и услуг для обеспечения государственных (муниципальных) нужд | B42: 919 | C42: 01 | D42: 13 | E42: 01 | F42: 0 | G42: 00 | H42: 41250 | I42: 200 | J42: =J43 -> 1 | K42: =K43 -> 0 | L42: =L43 -> 0
A43: Иные закупки товаров, работ и услуг для обеспечения государственных (муниципальных) нужд | B43: 919 | C43: 01 | D43: 13 | E43: 01 | F43: 0 | G43: 00 | H43: 41250 | I43: 240 | J43: 1 | K43: 0 | L43: 0
A44: Программа "Пожарная безопасность на территории Пушкинского сельского поселения Кадошкинского муниципального района Республики Мордовия на 2020-2022г.г." | B44: 919 | C44: 01 | D44: 13 | E44: 08 | J44: =J45 -> 0.5 | K44: =K45 -> 0 | L44: =L45 -> 0
A45: Мероприятия по обеспечению пожарной безопасности | B45: 919 | C45: 01 | D45: 13 | E45: 08 | F45: 0 | G45: 00 | H45: 42120 | J45: =J46 -> 0.5 | K45: =K46 -> 0 | L45: =L46 -> 0
A46: Закупка товаров, работ и услуг для обеспечения государственных (муниципальных) нужд | B46: 919 | C46: 01 | D46: 13 | E46: 08 | F46: 0 | G46: 00 | H46: 42120 | I46: 200 | J46: =J47 -> 0.5 | K46: =K47 -> 0 | L46: =L47 -> 0
A47: Иные закупки товаров, работ и услуг для обеспечения государственных (муниципальных) нужд | B47: 919 | C47: 01 | D47: 13 | E47: 08 | F47: 0 | G47: 00 | H47: 42120 | I47: 240 | J47: 0.5 | K47: 0 | L47: 0
A48: Национальная оборона | B48: 919 | C48: 02 | J48: =J49 -> 89.8 | K48: =K49 -> 92.8 | L48: =L49 -> 96
A49: Мобилизационная и вневойсковая подготовка | B49: 919 | C49: 02 | D49: 03 | J49: =J52 -> 89.8 | K49: =K52 -> 92.8 | L49: =L52 -> 96
A50: Непрограммные расходы главных распорядителей средств бюджета Пушкинского сельского поселения Кадошкинского муниципального района Республики Мордовия | B50: 919 | C50: 02 | D50: 03 | E50: 89 | J50: =J51 -> 89.8 | K50: =K51 -> 92.8 | L50: =L51 -> 96
A51: Непрограммные расходы в рамках обеспечения деятельности главных распорядителей средств бюджета Пушкинского сельского поселения Кадошкинского муниципального района Республики Мордовия | B51: 919 | C51: 02 | D51: 03 | E51: 89 | F51: 1 | J51: =J52 -> 89.8 | K51: =K52 -> 92.8 | L51: =L52 -> 96
A52: Осуществление государственных полномочий Российской Федерации о первичному воинскому учету на территориях, где отсутствуют военные комиссариаты | B52: 919 | C52: 02 | D52: 03 | E52: 89 | F52: 1 | G52: 00 | H52: 51180 | J52: =J53+J55 -> 89.8 | K52: =K53+K55 -> 92.8 | L52: =L53+L55 -> 96
A53: Расходы на выплаты персоналу в целях обеспечения выполнения функций государственными (муниципальными) органами, казенными учреждениями, органами управления государственными внебюджетными фондами | B53: 919 | C53: 02 | D53: 03 | E53: 89 | F53: 1 | G53: 00 | H53: 51180 | I53: 100 | J53: =J54 -> 85.8 | K53: =K54 -> 88.8 | L53: =L54 -> 92
A54: Расходы на выплаты персоналу государственных (муниципальных) органов | B54: 919 | C54: 02 | D54: 03 | E54: 89 | F54: 1 | G54: 00 | H54: 51180 | I54: 120 | J54: 85.8 | K54: 88.8 | L54: 92
A55: Закупка товаров, работ и услуг для обеспечения государственных (муниципальных) нужд | B55: 919 | C55: 02 | D55: 03 | E55: 89 | F55: 1 | G55: 00 | H55: 51180 | I55: 200 | J55: =J56 -> 4 | K55: =K56 -> 4 | L55: =L56 -> 4
A56: Иные закупки товаров, работ и услуг для обеспечения государственных (муниципальных) нужд | B56: 919 | C56: 02 | D56: 03 | E56: 89 | F56: 1 | G56: 00 | H56: 51180 | I56: 240 | J56: 4 | K56: 4 | L56: 4
A57: Национальная безопасность и правоохранительная деятельность | B57: 919 | C57: 03 | J57: =J58 -> 182.19 | K57: =K58 -> 0 | L57: =L58 -> 0
A58: Защита населения и территории от чрезвычайных ситуаций природного и техногенного характера, пожарная безопасность | B58: 919 | C58: 03 | D58: 10 | J58: =J59 -> 182.19 | K58: =K59 -> 0 | L58: =L59 -> 0
A59: Непрограммные расходы главных распорядителей средств бюджета Пушкинского сельского поселения Кадошкинского муниципального района Республики Мордовия | B59: 919 | C59: 03 | D59: 10 | E59: 89 | J59: =J60 -> 182.19 | K59: =K60 -> 0 | L59: =L60 -> 0
A60: Непрограммные расходы в рамках обеспечения деятельности главных распорядителей средств бюджета Пушкинского сельского поселения Кадошкинского муниципального района Республики Мордовия | B60: 919 | C60: 03 | D60: 10 | E60: 89 | F60: 1 | J60: =J61+J64+J67 -> 182.19 | K60: =K61 -> 0 | L60: =L61 -> 0
A61: Мероприятия по обеспечению пожарной безопасности | B61: 919 | C61: 03 | D61: 10 | E61: 89 | F61: 1 | G61: 00 | H61: 42120 | J61: =J62 -> 150 | K61: =K62 -> 0 | L61: =L62 -> 0
A62: Закупка товаров, работ и услуг для обеспечения государственных (муниципальных) нужд | B62: 919 | C62: 03 | D62: 10 | E62: 89 | F62: 1 | G62: 00 | H62: 42120 | I62: 200 | J62: =J63 -> 150 | K62: =K63 -> 0 | L62: =L63 -> 0
A63: Иные закупки товаров, работ и услуг для обеспечения государственных (муниципальных) нужд | B63: 919 | C63: 03 | D63: 10 | E63: 89 | F63: 1 | G63: 00 | H63: 42120 | I63: 240 | J63: 150 | K63: 0 | L63: 0
A64: Резервный фонд администрации Пушкинского сельского поселения Кадошкинского муниципального района Республики Мордовия | B64: 919 | C64: 03 | D64: 10 | E64: 89 | F64: 1 | G64: 00 | H64: 41180 | J64: =J65 -> 0.32 | K64: =K65 -> 0 | L64: =L65 -> 0
A65: Закупка товаров, работ и услуг для обеспечения государственных (муниципальных) нужд | B65: 919 | C65: 03 | D65: 10 | E65: 89 | F65: 1 | G65: 00 | H65: 41180 | I65: 200 | J65: =J66 -> 0.32 | K65: =K66 -> 0 | L65: =L66 -> 0
A66: Иные закупки товаров, работ и услуг для обеспечения государственных (муниципальных) нужд | B66: 919 | C66: 03 | D66: 10 | E66: 89 | F66: 1 | G66: 00 | H66: 41180 | I66: 240 | J66: 0.32 | K66: 0 | L66: 0
A67: Резервный фонд Правительства Республики Мордовия | B67: 919 | C67: 03 | D67: 10 | E67: 89 | F67: 1 | G67: 00 | H67: 80190 | J67: =J68 -> 31.87 | K67: =K68 -> 0 | L67: =L68 -> 0
A68: Закупка товаров, работ и услуг для обеспечения государственных (муниципальных) нужд | B68: 919 | C68: 03 | D68: 10 | E68: 89 | F68: 1 | G68: 00 | H68: 80190 | I68: 200 | J68: =J69 -> 31.87 | K68: =K69 -> 0 | L68: =L69 -> 0
A69: Иные закупки товаров, работ и услуг для обеспечения государственных (муниципальных) нужд | B69: 919 | C69: 03 | D69: 10 | E69: 89 | F69: 1 | G69: 00 | H69: 80190 | I69: 240 | J69: 31.87 | K69: 0 | L69: 0
A70: Национальная экономика | B70: 919 | C70: 04 | J70: =J71 -> 894.4 | K70: =K71 -> 534 | L70: =L71 -> 566.2
A71: Дорожное хозяйство (дорожные фонды) | B71: 919 | C71: 04 | D71: 09 | J71: =J72 -> 894.4 | K71: =K72 -> 534 | L71: =L72 -> 566.2
A72: Программа комплексного развития транспортной инфраструктуры Пушкинского сельского поселения Кадошкинского муниципального района Республики Мордовия на 2017-2025 годы | B72: 919 | C72: 04 | D72: 09 | E72: 13 | J72: =J76+J73 -> 894.4 | K72: =K76 -> 534 | L72: =L76 -> 566.2
A73: Ремонт автомобильных дорог общего пользования местного значения и искусственных сооружений на них за счет средств местного бюджета | B73: 919 | C73: 04 | D73: 09 | E73: 13 | F73: 0 | G73: 00 | H73: 42520 | J73: =J74 -> 250 | K73: =K74 -> 0 | L73: =L74 -> 0
A74: Закупка товаров, работ и услуг для обеспечения государственных (муниципальных) нужд | B74: 919 | C74: 04 | D74: 09 | E74: 13 | F74: 0 | G74: 00 | H74: 42520 | I74: 200 | J74: =J75 -> 250 | K74: =K75 -> 0 | L74: =L75 -> 0
A75: Иные закупки товаров, работ и услуг для обеспечения государственных (муниципальных) нужд | B75: 919 | C75: 04 | D75: 09 | E75: 13 | F75: 0 | G75: 00 | H75: 42520 | I75: 240 | J75: 250 | K75: 0 | L75: 0 | M75: +250
A76: Иные межбюджетные трансферты на осуществление полномочий по дорожной деятельности в отношении автомобильных дорог местного значения в границах населенных пунктов поселения и обеспечению безопасности дорожного движения на них, включая создание и обеспечение функционирования парковок (парковочных мест), осуществлению муниципального контроля за сохранностью автомобильных дорог местного значения в границах населенных пунктов поселения, организации дорожного движения, а также осуществлению иных полномочий в области использования автомобильных дорог и осуществления дорожной деятельности в соответствии с законодательством Российской Федерации | B76: 919 | C76: 04 | D76: 09 | E76: 13 | F76: 0 | G76: 00 | H76: 44102 | J76: =J77 -> 644.4 | K76: =K77 -> 534 | L76: =L77 -> 566.2
A77: Закупка товаров, работ и услуг для обеспечения государственных (муниципальных) нужд | B77: 919 | C77: 04 | D77: 09 | E77: 13 | F77: 0 | G77: 00 | H77: 44102 | I77: 200 | J77: =J78 -> 644.4 | K77: =K78 -> 534 | L77: =L78 -> 566.2
A78: Иные закупки товаров, работ и услуг для обеспечения государственных (муниципальных) нужд | B78: 919 | C78: 04 | D78: 09 | E78: 13 | F78: 0 | G78: 00 | H78: 44102 | I78: 240 | J78: 644.4 | K78: 534 | L78: 566.2
A79: Жилищно-коммунальное хозяйство | B79: 919 | C79: 05 | J79: =J80+J86 -> 825.6024 | K79: =K80+K86 -> 54.4 | L79: =L80+L86 -> 85
A80: Коммунальное хозяйство | B80: 919 | C80: 05 | D80: 02 | J80: =J81 -> 40.4 | K80: =K81 -> 40.4 | L80: =L81 -> 40.4
A81: Непрограммные расходы главных распорядителей средств бюджета Пушкинского сельского поселения Кадошкинского муниципального района Республики Мордовия | B81: 919 | C81: 05 | D81: 02 | E81: 89 | J81: =J82 -> 40.4 | K81: =K82 -> 40.4 | L81: =L82 -> 40.4
A82: Непрограммные расходы в рамках обеспечения деятельности главных распорядителей средств бюджета Пушкинского сельского поселения Кадошкинского муниципального района Республики Мордовия | B82: 919 | C82: 05 | D82: 02 | E82: 89 | F82: 1 | J82: =J83 -> 40.4 | K82: =K83 -> 40.4 | L82: =L83 -> 40.4
A83: Иные межбюджетные трансферты на осуществление полномочий по организации в границах поселения электро-, тепло-, газо- и водоснабжения населения, водоотведения, снабжения населения топливом в пределах полномочий, установленных законодательством Российской Федерации | B83: 919 | C83: 05 | D83: 02 | E83: 89 | F83: 1 | G83: 00 | H83: 44101 | J83: =J84 -> 40.4 | K83: =K84 -> 40.4 | L83: =L84 -> 40.4
A84: Закупка товаров, работ и услуг для обеспечения государственных (муниципальных) нужд | B84: 919 | C84: 05 | D84: 02 | E84: 89 | F84: 1 | G84: 00 | H84: 44101 | I84: 200 | J84: =J85 -> 40.4 | K84: =K85 -> 40.4 | L84: =L85 -> 40.4
A85: Иные закупки товаров, работ и услуг для обеспечения государственных (муниципальных) нужд | B85: 919 | C85: 05 | D85: 02 | E85: 89 | F85: 1 | G85: 00 | H85: 44101 | I85: 240 | J85: 40.4 | K85: 40.4 | L85: 40.4
A86: Благоустройство | B86: 919 | C86: 05 | D86: 03 | J86: =J87 -> 785.2024 | K86: =K87 -> 14 | L86: =L87 -> 44.6
A87: Непрограммные расходы главных распорядителей средств бюджета Пушкинского сельского поселения Кадошкинского муниципального района Республики Мордовия | B87: 919 | C87: 05 | D87: 03 | E87: 89 | J87: =J88 -> 785.2024 | K87: =K88 -> 14 | L87: =L88 -> 44.6
A88: Непрограммные расходы в рамках обеспечения деятельности главных распорядителей средств бюджета Пушкинского сельского поселения Кадошкинского муниципального района Республики Мордовия | B88: 919 | C88: 05 | D88: 03 | E88: 89 | F88: 1 | J88: =J89+J92 -> 785.2024 | K88: =K89+K92 -> 14 | L88: =L89+L92 -> 44.6
A89: Уличное освещение | B89: 919 | C89: 05 | D89: 03 | E89: 89 | F89: 1 | G89: 00 | H89: 43010 | J89: =J90 -> 73.7 | K89: =K90 -> 12 | L89: =L90 -> 39.6
A90: Закупка товаров, работ и услуг для обеспечения государственных (муниципальных) нужд | B90: 919 | C90: 05 | D90: 03 | E90: 89 | F90: 1 | G90: 00 | H90: 43010 | I90: 200 | J90: =J91 -> 73.7 | K90: =K91 -> 12 | L90: =L91 -> 39.6
A91: Иные закупки товаров, работ и услуг для обеспечения государственных (муниципальных) нужд | B91: 919 | C91: 05 | D91: 03 | E91: 89 | F91: 1 | G91: 00 | H91: 43010 | I91: 240 | J91: 73.7 | K91: 12 | L91: 39.6
A92: Прочие мероприятия по благоустройству | B92: 919 | C92: 05 | D92: 03 | E92: 89 | F92: 1 | G92: 00 | H92: 43040 | J92: =J93 -> 711.5024 | K92: =K93 -> 2 | L92: =L93 -> 5
A93: Закупка товаров, работ и услуг для обеспечения государственных (муниципальных) нужд | B93: 919 | C93: 05 | D93: 03 | E93: 89 | F93: 1 | G93: 00 | H93: 43040 | I93: 200 | J93: =J94 -> 711.5024 | K93: =K94 -> 2 | L93: =L94 -> 5
A94: Иные закупки товаров, работ и услуг для обеспечения государственных (муниципальных) нужд | B94: 919 | C94: 05 | D94: 03 | E94: 89 | F94: 1 | G94: 00 | H94: 43040 | I94: 240 | J94: =5+150+311.0024-100+420+37.2-111.7 -> 711.5024 | K94: 2 | L94: 5 | M94: -111,7
A95: Социальная политика | B95: 919 | C95: 10 | J95: =J96 -> 243.5 | K95: =K96 -> 210.7 | L95: =L96 -> 176.7
A96: Пенсионное обеспечение | B96: 919 | C96: 10 | D96: 01 | J96: =J97 -> 243.5 | K96: =K97 -> 210.7 | L96: =L97 -> 176.7
A97: Непрограммные расходы главных распорядителей средств бюджета Пушкинского сельского поселения Кадошкинского муниципального района Республики Мордовия | B97: 919 | C97: 10 | D97: 01 | E97: 89 | J97: =J98 -> 243.5 | K97: =K98 -> 210.7 | L97: =L98 -> 176.7
A98: Непрограммные расходы в рамках обеспечения деятельности главных распорядителей средств бюджета Пушкинского сельского поселения Кадошкинского муниципального района Республики Мордовия | B98: 919 | C98: 10 | D98: 01 | E98: 89 | F98: 1 | J98: =J99 -> 243.5 | K98: =K99 -> 210.7 | L98: =L99 -> 176.7
A99: Доплаты к пенсиям муниципальных служащих Республики Мордовия | B99: 919 | C99: 10 | D99: 01 | E99: 89 | F99: 1 | G99: 00 | H99: 03010 | J99: =J100 -> 243.5 | K99: =K100 -> 210.7 | L99: =L100 -> 176.7
A100: Социальное обеспечение и иные выплаты населению | B100: 919 | C100: 10 | D100: 01 | E100: 89 | F100: 1 | G100: 00 | H100: 03010 | I100: 300 | J100: =J101 -> 243.5 | K100: =K101 -> 210.7 | L100: =L101 -> 176.7
...

Sheet Прил 3 
I1: Приложение 3 к решению Совета депутатов Пушкинского сельского поселения "О бюджете Пушкинского сельского поселения Кадошкинского муниципального района Республики Мордовия на 2022 год и на плановый период 2023 и 2024 годов"
A2: РАСПРЕДЕЛЕНИЕ БЮДЖЕТНЫХ АССИГНОВАНИЙ БЮДЖЕТА ПУШКИНСКОГО СЕЛЬСКОГО ПОСЕЛЕНИЯ КАДОШКИНСКОГО МУНИЦИПАЛЬНОГО РАЙОНА РЕСПУБЛИКИ МОРДОВИЯ ПО РАЗДЕЛАМ, ПОДРАЗДЕЛАМ, ЦЕЛЕВЫМ СТАТЬЯМ (МУНИЦИПАЛЬНЫМ ПРОГРАММАМ И НЕПРОГРАММНЫМ НАПРАВЛЕНИЯМ ДЕЯТЕЛЬНОСТИ), ГРУППАМ И ПОДГРУППАМ ВИДОВ РАСХОДОВ КЛАССИФИКАЦИИ РАСХОДОВ БЮДЖЕТОВ НА 2022 ГОД И НА ПЛАНОВЫЙ ПЕРИОД 2023 И 2024 ГОДОВ
K3: (тыс. рублей)
A4: Наименование | B4: Рз | C4: Прз | D4: Цср | H4: Вр | I4: Сумма
I5: 2022 год | J5: 2023 год | K5: 2024 год
A6: 1 | B6: 2 | C6: 3 | D6: 4 | E6: 5 | F6: 6 | G6: 7 | H6: 8 | I6: 9 | J6: 10 | K6: 11
A7: ВСЕГО | I7: =I8+I47+I69+I78+I94+I101+I56 -> 4376.4724 | J7: =J8+J47+J69+J78+J94+J101+J114 -> 1306.8 | K7: =K8+K47+K69+K78+K94+K101+K114 -> 1299.2
A8: Общегосударственные вопросы | B8: 01 | I8: =I9+I15+I32+I38 -> 2124.88 | J8: =J9+J15+J32+J38 -> 378.8 | K8: =K9+K15+K32+K38 -> 305.2
A9: Функционирование высшего должностного лица субъекта Российской Федерации и муниципального образования | B9: 01 | C9: 02 | I9: =I10 -> 232 | J9: =J10 -> 134.3 | K9: =K10 -> 66.9
A10: Обеспечение деятельности администрации | B10: 01 | C10: 02 | D10: 65 | I10: =I11 -> 232 | J10: =J11 -> 134.3 | K10: =K11 -> 66.9
A11: Высшее должностное лицо | B11: 01 | C11: 02 | D11: 65 | E11: 1 | I11: =I12 -> 232 | J11: =J12 -> 134.3 | K11: =K12 -> 66.9
A12: Расходы на выплаты по оплате труда высшего должностного лица | B12: 01 | C12: 02 | D12: 65 | E12: 1 | F12: 00 | G12: 41150 | I12: =I13 -> 232 | J12: =J13 -> 134.3 | K12: =K13 -> 66.9
A13: Расходы на выплаты персоналу в целях обеспечения выполнения функций государственными (муниципальными) органами, казенными учреждениями, органами управления государственными внебюджетными фондами | B13: 01 | C13: 02 | D13: 65 | E13: 1 | F13: 00 | G13: 41150 | H13: 100 | I13: =I14 -> 232 | J13: =J14 -> 134.3 | K13: =K14 -> 66.9
A14: Расходы на выплаты персоналу государственных (муниципальных) органов | B14: 01 | C14: 02 | D14: 65 | E14: 1 | F14: 00 | G14: 41150 | H14: 120 | I14: ='Прил 2'!J15 -> 232 | J14: ='Прил 2'!K15 -> 134.3 | K14: ='Прил 2'!L15 -> 66.9
A15: Функционирование Правительства Российской Федерации, высших органов исполнительной власти субъектов Российской Федерации, местных администраций | B15: 01 | C15: 04 | I15: =I16+I27 -> 1880.7 | J15: =J16+J27 -> 243.5 | K15: =K16+K27 -> 237.3
A16: Обеспечение деятельности администрации | B16: 01 | C16: 04 | D16: 65 | I16: =I17 -> 1880.6 | J16: =J17 -> 243.4 | K16: =K17 -> 237.2
A17: Непрограммные расходы в рамках обеспечения деятельности администрации | B17: 01 | C17: 04 | D17: 65 | E17: 2 | I17: =I18+I21 -> 1880.6 | J17: =J18+J21 -> 243.4 | K17: =K18+K21 -> 237.2
A18: Расходы на выплаты по оплате труда работников органов местного самоуправления | B18: 01 | C18: 04 | D18: 65 | E18: 2 | F18: 00 | G18: 41110 | I18: =I19 -> 944.4 | J18: =J19 -> 204.9 | K18: =K19 -> 200
A19: Расходы на выплаты персоналу в целях обеспечения выполнения функций государственными (муниципальными) органами, казенными учреждениями, органами управления государственными внебюджетными фондами | B19: 01 | C19: 04 | D19: 65 | E19: 2 | F19: 00 | G19: 41110 | H19: 100 | I19: =I20 -> 944.4 | J19: =J20 -> 204.9 | K19: =K20 -> 200
A20: Расходы на выплаты персоналу государственных (муниципальных) органов | B20: 01 | C20: 04 | D20: 65 | E20: 2 | F20: 00 | G20: 41110 | H20: 120 | I20: ='Прил 2'!J21 -> 944.4 | J20: ='Прил 2'!K21 -> 204.9 | K20: ='Прил 2'!L21 -> 200
A21: Расходы на обеспечение функций органов местного самоуправления | B21: 01 | C21: 04 | D21: 65 | E21: 2 | F21: 00 | G21: 41120 | I21: =I22+I24 -> 936.2 | J21: =J22+J24 -> 38.5 | K21: =K22+K24 -> 37.2
A22: Закупка товаров, работ и услуг для обеспечения государственных (муниципальных) нужд | B22: 01 | C22: 04 | D22: 65 | E22: 2 | F22: 00 | G22: 41120 | H22: 200 | I22: =I23 -> 879.7 | J22: =J23 -> 26.5 | K22: =K23 -> 25.2
A23: Иные закупки товаров, работ и услуг для обеспечения государственных (муниципальных) нужд | B23: 01 | C23: 04 | D23: 65 | E23: 2 | F23: 00 | G23: 41120 | H23: 240 | I23: ='Прил 2'!J24 -> 879.7 | J23: ='Прил 2'!K24 -> 26.5 | K23: ='Прил 2'!L24 -> 25.2
A24: Иные бюджетные ассигнования | B24: 01 | C24: 04 | D24: 65 | E24: 2 | F24: 00 | G24: 41120 | H24: 800 | I24: =I26+I25 -> 56.5 | J24: =J26 -> 12 | K24: =K26 -> 12
A25: Исполнение судебных актов | B25: 01 | C25: 04 | D25: 65 | E25: 2 | F25: 00 | G25: 41120 | H25: 830 | I25: ='Прил 2'!J26 -> 1 | J25: ='Прил 2'!K26 -> 0 | K25: ='Прил 2'!L26 -> 0
A26: Уплата налогов, сборов и иных платежей | B26: 01 | C26: 04 | D26: 65 | E26: 2 | F26: 00 | G26: 41120 | H26: 850 | I26: ='Прил 2'!J27 -> 55.5 | J26: ='Прил 2'!K27 -> 12 | K26: ='Прил 2'!L27 -> 12
A27: Непрограммные расходы главных распорядителей средств бюджета Пушкинского сельского поселения Кадошкинского муниципального района Республики Мордовия | B27: 01 | C27: 04 | D27: 89 | I27: =I28 -> 0.1 | J27: =J28 -> 0.1 | K27: =K28 -> 0.1
A28: Непрограммные расходы в рамках обеспечения деятельности главных распорядителей средств бюджета Пушкинского сельского поселения Кадошкинского муниципального района Республики Мордовия | B28: 01 | C28: 04 | D28: 89 | E28: 1 | I28: =I29 -> 0.1 | J28: =J29 -> 0.1 | K28: =K29 -> 0.1
A29: Осуществление государственных полномочий Республики Мордовия по определению перечня должностных лиц, уполномоченных составлять протоколы об административных правонарушениях, предусмотренных Законом Республики Мордовия от 15 июня 2015 года № 38-З "Об административной ответственности на территории Республики Мордовия" | B29: 01 | C29: 04 | D29: 89 | E29: 1 | F29: 00 | G29: 77150 | I29: =I30 -> 0.1 | J29: =J30 -> 0.1 | K29: =K30 -> 0.1
A30: Закупка товаров, работ и услуг для обеспечения государственных (муниципальных) нужд | B30: 01 | C30: 04 | D30: 89 | E30: 1 | F30: 00 | G30: 77150 | H30: 200 | I30: =I31 -> 0.1 | J30: =J31 -> 0.1 | K30: =K31 -> 0.1
A31: Иные закупки товаров, работ и услуг для обеспечения государственных (муниципальных) нужд | B31: 01 | C31: 04 | D31: 89 | E31: 1 | F31: 00 | G31: 77150 | H31: 240 | I31: ='Прил 2'!J32 -> 0.1 | J31: ='Прил 2'!K32 -> 0.1 | K31: ='Прил 2'!L32 -> 0.1
A32: Резервные фонды | B32: 01 | C32: 11 | I32: =I33 -> 10.68 | J32: =J33 -> 1 | K32: =K33 -> 1
A33: Непрограммные расходы главных распорядителей средств бюджета Пушкинского сельского поселения Кадошкинского муниципального района Республики Мордовия | B33: 01 | C33: 11 | D33: 89 | I33: =I34 -> 10.68 | J33: =J34 -> 1 | K33: =K34 -> 1
A34: Непрограммные расходы в рамках обеспечения деятельности главных распорядителей средств бюджета Пушкинского сельского поселения Кадошкинского муниципального района Республики Мордовия | B34: 01 | C34: 11 | D34: 89 | E34: 1 | I34: =I35 -> 10.68 | J34: =J35 -> 1 | K34: =K35 -> 1
A35: Резервный фонд администрации Пушкинского сельского поселения Кадошкинского муниципального района Республики Мордовия | B35: 01 | C35: 11 | D35: 89 | E35: 1 | F35: 00 | G35: 41180 | I35: =I36 -> 10.68 | J35: =J36 -> 1 | K35: =K36 -> 1
A36: Иные бюджетные ассигнования | B36: 01 | C36: 11 | D36: 89 | E36: 1 | F36: 00 | G36: 41180 | H36: 800 | I36: =I37 -> 10.68 | J36: =J37 -> 1 | K36: =K37 -> 1
A37: Резервные средства | B37: 01 | C37: 11 | D37: 89 | E37: 1 | F37: 00 | G37: 41180 | H37: 870 | I37: ='Прил 2'!J38 -> 10.68 | J37: ='Прил 2'!K38 -> 1 | K37: ='Прил 2'!L38 -> 1
A38: Другие общегосударственные вопросы | B38: 01 | C38: 13 | I38: =I39+I43 -> 1.5 | J38: =J39+J43 -> 0 | K38: =K39+K43 -> 0
A39: Программа "Развитие муниципальной службы в Паевском сельском поселении на 2020-2022 годы" | B39: 01 | C39: 13 | D39: 01 | I39: =I40 -> 1 | J39: =J40 -> 0 | K39: =K40 -> 0
A40: Подготовка, переподготовка и повышение квалификации кадров | B40: 01 | C40: 13 | D40: 01 | E40: 0 | F40: 00 | G40: 41250 | I40: =I41 -> 1 | J40: =J41 -> 0 | K40: =K41 -> 0
A41: Закупка товаров, работ и услуг для обеспечения государственных (муниципальных) нужд | B41: 01 | C41: 13 | D41: 01 | E41: 0 | F41: 00 | G41: 41250 | H41: 200 | I41: =I42 -> 1 | J41: =J42 -> 0 | K41: =K42 -> 0
A42: Иные закупки товаров, работ и услуг для обеспечения государственных (муниципальных) нужд | B42: 01 | C42: 13 | D42: 01 | E42: 0 | F42: 00 | G42: 41250 | H42: 240 | I42: ='Прил 2'!J43 -> 1 | J42: ='Прил 2'!K43 -> 0 | K42: ='Прил 2'!L43 -> 0
A43: Программа "Пожарная безопасность на территории Пушкинского сельского поселения Кадошкинского муниципального района Республики Мордовия на 2020-2022г.г." | B43: 01 | C43: 13 | D43: 08 | I43: =I44 -> 0.5 | J43: =J44 -> 0 | K43: =K44 -> 0
A44: Мероприятия по обеспечению пожарной безопасности | B44: 01 | C44: 13 | D44: 08 | E44: 0 | F44: 00 | G44: 42120 | I44: =I45 -> 0.5 | J44: =J45 -> 0 | K44: =K45 -> 0
A45: Закупка товаров, работ и услуг для обеспечения государственных (муниципальных) нужд | B45: 01 | C45: 13 | D45: 08 | E45: 0 | F45: 00 | G45: 42120 | H45: 200 | I45: =I46 -> 0.5 | J45: =J46 -> 0 | K45: =K46 -> 0
A46: Иные закупки товаров, работ и услуг для обеспечения государственных (муниципальных) нужд | B46: 01 | C46: 13 | D46: 08 | E46: 0 | F46: 00 | G46: 42120 | H46: 240 | I46: ='Прил 2'!J47 -> 0.5 | J46: ='Прил 2'!K47 -> 0 | K46: ='Прил 2'!L47 -> 0
A47: Национальная оборона | B47: 02 | I47: =I48 -> 89.8 | J47: =J48 -> 92.8 | K47: =K48 -> 96
A48: Мобилизационная и вневойсковая подготовка | B48: 02 | C48: 03 | I48: =I49 -> 89.8 | J48: =J49 -> 92.8 | K48: =K49 -> 96
A49: Непрограммные расходы главных распорядителей средств бюджета Пушкинского сельского поселения Кадошкинского муниципального района Республики Мордовия | B49: 02 | C49: 03 | D49: 89 | I49: =I50 -> 89.8 | J49: =J50 -> 92.8 | K49: =K50 -> 96
A50: Непрограммные расходы в рамках обеспечения деятельности главных распорядителей средств бюджета Пушкинского сельского поселения Кадошкинского муниципального района Республики Мордовия | B50: 02 | C50: 03 | D50: 89 | E50: 1 | I50: =I51 -> 89.8 | J50: =J51 -> 92.8 | K50: =K51 -> 96
A51: Осуществление государственных полномочий Российской Федерации о первичному воинскому учету на территориях, где отсутствуют военные комиссариаты | B51: 02 | C51: 03 | D51: 89 | E51: 1 | F51: 00 | G51: 51180 | I51: =I52+I54 -> 89.8 | J51: =J52+J54 -> 92.8 | K51: =K52+K54 -> 96
A52: Расходы на выплаты персоналу в целях обеспечения выполнения функций государственными (муниципальными) органами, казенными учреждениями, органами управления государственными внебюджетными фондами | B52: 02 | C52: 03 | D52: 89 | E52: 1 | F52: 00 | G52: 51180 | H52: 100 | I52: =I53 -> 85.8 | J52: =J53 -> 88.8 | K52: =K53 -> 92
A53: Расходы на выплаты персоналу государственных (муниципальных) органов | B53: 02 | C53: 03 | D53: 89 | E53: 1 | F53: 00 | G53: 51180 | H53: 120 | I53: ='Прил 2'!J54 -> 85.8 | J53: ='Прил 2'!K54 -> 88.8 | K53: ='Прил 2'!L54 -> 92
A54: Закупка товаров, работ и услуг для обеспечения государственных (муниципальных) нужд | B54: 02 | C54: 03 | D54: 89 | E54: 1 | F54: 00 | G54: 51180 | H54: 200 | I54: =I55 -> 4 | J54: =J55 -> 4 | K54: =K55 -> 4
A55: Иные закупки товаров, работ и услуг для обеспечения государственных (муниципальных) нужд | B55: 02 | C55: 03 | D55: 89 | E55: 1 | F55: 00 | G55: 51180 | H55: 240 | I55: ='Прил 2'!J56 -> 4 | J55: ='Прил 2'!K56 -> 4 | K55: ='Прил 2'!L56 -> 4
A56: Национальная безопасность и правоохранительная деятельность | B56: 03 | I56: =I57 -> 182.19 | J56: =J57 -> 0 | K56: =K57 -> 0
A57: Защита населения и территории от чрезвычайных ситуаций природного и техногенного характера, пожарная безопасность | B57: 03 | C57: 10 | I57: =I58 -> 182.19 | J57: =J58 -> 0 | K57: =K58 -> 0
A58: Непрограммные расходы главных распорядителей средств бюджета Пушкинского сельского поселения Кадошкинского муниципального района Республики Мордовия | B58: 03 | C58: 10 | D58: 89 | I58: =I59 -> 182.19 | J58: =J59 -> 0 | K58: =K59 -> 0
A59: Непрограммные расходы в рамках обеспечения деятельности главных распорядителей средств бюджета Пушкинского сельского поселения Кадошкинского муниципального района Республики Мордовия | B59: 03 | C59: 10 | D59: 89 | E59: 1 | I59: =I60+I63+I66 -> 182.19 | J59: =J60 -> 0 | K59: =K60 -> 0
A60: Мероприятия по обеспечению пожарной безопасности | B60: 03 | C60: 10 | D60: 89 | E60: 1 | F60: 00 | G60: 42120 | I60: =I61 -> 150 | J60: =J61 -> 0 | K60: =K61 -> 0
A61: Закупка товаров, работ и услуг для обеспечения государственных (муниципальных) нужд | B61: 03 | C61: 10 | D61: 89 | E61: 1 | F61: 00 | G61: 42120 | H61: 200 | I61: =I62 -> 150 | J61: =J62 -> 0 | K61: =K62 -> 0
A62: Иные закупки товаров, работ и услуг для обеспечения государственных (муниципальных) нужд | B62: 03 | C62: 10 | D62: 89 | E62: 1 | F62: 00 | G62: 42120 | H62: 240 | I62: ='Прил 2'!J63 -> 150 | J62: ='Прил 2'!K63 -> 0 | K62: ='Прил 2'!L63 -> 0
A63: Резервный фонд администрации Пушкинского сельского поселения Кадошкинского муниципального района Республики Мордовия | B63: 03 | C63: 10 | D63: 89 | E63: 1 | F63: 00 | G63: 41180 | I63: =I64 -> 0.32 | J63: =J64 -> 0 | K63: =K64 -> 0
A64: Закупка товаров, работ и услуг для обеспечения государственных (муниципальных) нужд | B64: 03 | C64: 10 | D64: 89 | E64: 1 | F64: 00 | G64: 41180 | H64: 200 | I64: =I65 -> 0.32 | J64: =J65 -> 0 | K64: =K65 -> 0
A65: Иные закупки товаров, работ и услуг для обеспечения государственных (муниципальных) нужд | B65: 03 | C65: 10 | D65: 89 | E65: 1 | F65: 00 | G65: 41180 | H65: 240 | I65: ='Прил 2'!J66 -> 0.32 | J65: ='Прил 2'!K66 -> 0 | K65: ='Прил 2'!L66 -> 0
A66: Резервный фонд Правительства Республики Мордовия | B66: 03 | C66: 10 | D66: 89 | E66: 1 | F66: 00 | G66: 80190 | I66: =I67 -> 31.87 | J66: =J67 -> 0 | K66: =K67 -> 0
A67: Закупка товаров, работ и услуг для обеспечения государственных (муниципальных) нужд | B67: 03 | C67: 10 | D67: 89 | E67: 1 | F67: 00 | G67: 80190 | H67: 200 | I67: =I68 -> 31.87 | J67: =J68 -> 0 | K67: =K68 -> 0
A68: Иные закупки товаров, работ и услуг для обеспечения государственных (муниципальных) нужд | B68: 03 | C68: 10 | D68: 89 | E68: 1 | F68: 00 | G68: 80190 | H68: 240 | I68: ='Прил 2'!J69 -> 31.87 | J68: ='Прил 2'!K69 -> 0 | K68: ='Прил 2'!L69 -> 0
A69: Национальная экономика | B69: 04 | I69: =I70 -> 894.4 | J69: =J70 -> 534 | K69: =K70 -> 566.2
A70: Дорожное хозяйство (дорожные фонды) | B70: 04 | C70: 09 | I70: =I71 -> 894.4 | J70: =J71 -> 534 | K70: =K71 -> 566.2
A71: Программа комплексного развития транспортной инфраструктуры Пушкинского сельского поселения Кадошкинского муниципального района Республики Мордовия на 2017-2025 годы | B71: 04 | C71: 09 | D71: 13 | I71: =I75+I72 -> 894.4 | J71: =J75+J72 -> 534 | K71: =K75+K72 -> 566.2
A72: Ремонт автомобильных дорог общего пользования местного значения и искусственных сооружений на них за счет средств местного бюджета | B72: 04 | C72: 09 | D72: 13 | E72: 0 | F72: 00 | G72: 42520 | I72: =I73 -> 250 | J72: =J73 -> 0 | K72: =K73 -> 0
A73: Закупка товаров, работ и услуг для обеспечения государственных (муниципальных) нужд | B73: 04 | C73: 09 | D73: 13 | E73: 0 | F73: 00 | G73: 42520 | H73: 200 | I73: =I74 -> 250 | J73: =J74 -> 0 | K73: =K74 -> 0
A74: Иные закупки товаров, работ и услуг для обеспечения государственных (муниципальных) нужд | B74: 04 | C74: 09 | D74: 13 | E74: 0 | F74: 00 | G74: 42520 | H74: 240 | I74: ='Прил 2'!J75 -> 250 | J74: ='Прил 2'!K75 -> 0 | K74: ='Прил 2'!L75 -> 0
A75: Иные межбюджетные трансферты на осуществление полномочий по дорожной деятельности в отношении автомобильных дорог местного значения в границах населенных пунктов поселения и обеспечению безопасности дорожного движения на них, включая создание и обеспечение функционирования парковок (парковочных мест), осуществлению муниципального контроля за сохранностью автомобильных дорог местного значения в границах населенных пунктов поселения, организации дорожного движения, а также осуществлению иных полномочий в области использования автомобильных дорог и осуществления дорожной деятельности в соответствии с законодательством Российской Федерации | B75: 04 | C75: 09 | D75: 13 | E75: 0 | F75: 00 | G75: 44102 | I75: =I76 -> 644.4 | J75: =J76 -> 534 | K75: =K76 -> 566.2
A76: Закупка товаров, работ и услуг для обеспечения государственных (муниципальных) нужд | B76: 04 | C76: 09 | D76: 13 | E76: 0 | F76: 00 | G76: 44102 | H76: 200 | I76: =I77 -> 644.4 | J76: =J77 -> 534 | K76: =K77 -> 566.2
A77: Иные закупки товаров, работ и услуг для обеспечения государственных (муниципальных) нужд | B77: 04 | C77: 09 | D77: 13 | E77: 0 | F77: 00 | G77: 44102 | H77: 240 | I77: ='Прил 2'!J78 -> 644.4 | J77: ='Прил 2'!K78 -> 534 | K77: ='Прил 2'!L78 -> 566.2
A78: Жилищно-коммунальное хозяйство | B78: 05 | I78: =I79+I85 -> 825.6024 | J78: =J79+J85 -> 54.4 | K78: =K79+K85 -> 85
A79: Коммунальное хозяйство | B79: 05 | C79: 02 | I79: =I80 -> 40.4 | J79: =J80 -> 40.4 | K79: =K80 -> 40.4
A80: Непрограммные расходы главных распорядителей средств бюджета Пушкинского сельского поселения Кадошкинского муниципального района Республики Мордовия | B80: 05 | C80: 02 | D80: 89 | I80: =I81 -> 40.4 | J80: =J81 -> 40.4 | K80: =K81 -> 40.4
A81: Непрограммные расходы в рамках обеспечения деятельности главных распорядителей средств бюджета Пушкинского сельского поселения Кадошкинского муниципального района Республики Мордовия | B81: 05 | C81: 02 | D81: 89 | E81: 1 | I81: =I82 -> 40.4 | J81: =J82 -> 40.4 | K81: =K82 -> 40.4
A82: Иные межбюджетные трансферты на осуществление полномочий по организации в границах поселения электро-, тепло-, газо- и водоснабжения населения, водоотведения, снабжения населения топливом в пределах полномочий, установленных законодательством Российской Федерации | B82: 05 | C82: 02 | D82: 89 | E82: 1 | F82: 00 | G82: 44101 | I82: =I83 -> 40.4 | J82: =J83 -> 40.4 | K82: =K83 -> 40.4
A83: Закупка товаров, работ и услуг для обеспечения государственных (муниципальных) нужд | B83: 05 | C83: 02 | D83: 89 | E83: 1 | F83: 00 | G83: 44101 | H83: 200 | I83: =I84 -> 40.4 | J83: =J84 -> 40.4 | K83: =K84 -> 40.4
A84: Иные закупки товаров, работ и услуг для обеспечения государственных (муниципальных) нужд | B84: 05 | C84: 02 | D84: 89 | E84: 1 | F84: 00 | G84: 44101 | H84: 240 | I84: ='Прил 2'!J85 -> 40.4 | J84: ='Прил 2'!K85 -> 40.4 | K84: ='Прил 2'!L85 -> 40.4
A85: Благоустройство | B85: 05 | C85: 03 | I85: =I86 -> 785.2024 | J85: =J86 -> 14 | K85: =K86 -> 44.6
A86: Непрограммные расходы главных распорядителей средств бюджета Пушкинского сельского поселения Кадошкинского муниципального района Республики Мордовия | B86: 05 | C86: 03 | D86: 89 | I86: =I87 -> 785.2024 | J86: =J87 -> 14 | K86: =K87 -> 44.6
A87: Непрограммные расходы в рамках обеспечения деятельности главных распорядителей средств бюджета Пушкинского сельского поселения Кадошкинского муниципального района Республики Мордовия | B87: 05 | C87: 03 | D87: 89 | E87: 1 | I87: =I88+I91 -> 785.2024 | J87: =J88+J91 -> 14 | K87: =K88+K91 -> 44.6
A88: Уличное освещение | B88: 05 | C88: 03 | D88: 89 | E88: 1 | F88: 00 | G88: 43010 | I88: =I89 -> 73.7 | J88: =J89 -> 12 | K88: =K89 -> 39.6
A89: Закупка товаров, работ и услуг для обеспечения государственных (муниципальных) нужд | B89: 05 | C89: 03 | D89: 89 | E89: 1 | F89: 00 | G89: 43010 | H89: 200 | I89: =I90 -> 73.7 | J89: =J90 -> 12 | K89: =K90 -> 39.6
A90: Иные закупки товаров, работ и услуг для обеспечения государственных (муниципальных) нужд | B90: 05 | C90: 03 | D90: 89 | E90: 1 | F90: 00 | G90: 43010 | H90: 240 | I90: ='Прил 2'!J91 -> 73.7 | J90: ='Прил 2'!K91 -> 12 | K90: ='Прил 2'!L91 -> 39.6
A91: Прочие мероприятия по благоустройству | B91: 05 | C91: 03 | D91: 89 | E91: 1 | F91: 00 | G91: 43040 | I91: =I92 -> 711.5024 | J91: =J92 -> 2 | K91: =K92 -> 5
A92: Закупка товаров, работ и услуг для обеспечения государственных (муниципальных) нужд | B92: 05 | C92: 03 | D92: 89 | E92: 1 | F92: 00 | G92: 43040 | H92: 200 | I92: =I93 -> 711.5024 | J92: =J93 -> 2 | K92: =K93 -> 5
A93: Иные закупки товаров, работ и услуг для обеспечения государственных (муниципальных) нужд | B93: 05 | C93: 03 | D93: 89 | E93: 1 | F93: 00 | G93: 43040 | H93: 240 | I93: ='Прил 2'!J94 -> 711.5024 | J93: ='Прил 2'!K94 -> 2 | K93: ='Прил 2'!L94 -> 5
A94: Социальная политика | B94: 10 | I94: =I95 -> 243.5 | J94: =J95 -> 210.7 | K94: =K95 -> 176.7
A95: Пенсионное обеспечение | B95: 10 | C95: 01 | I95: =I96 -> 243.5 | J95: =J96 -> 210.7 | K95: =K96 -> 176.7
A96: Непрограммные расходы главных распорядителей средств бюджета Пушкинского сельского поселения Кадошкинского муниципального района Республики Мордовия | B96: 10 | C96: 01 | D96: 89 | I96: =I97 -> 243.5 | J96: =J97 -> 210.7 | K96: =K97 -> 176.7
A97: Непрограммные расходы в рамках обеспечения деятельности главных распорядителей средств бюджета Пушкинского сельского поселения Кадошкинского муниципального района Республики Мордовия | B97: 10 | C97: 01 | D97: 89 | E97: 1 | I97: =I98 -> 243.5 | J97: =J98 -> 210.7 | K97: =K98 -> 176.7
A98: Доплаты к пенсиям муниципальных служащих Республики Мордовия | B98: 10 | C98: 01 | D98: 89 | E98: 1 | F98: 00 | G98: 03010 | I98: =I99 -> 243.5 | J98: =J99 -> 210.7 | K98: =K99 -> 176.7
A99: Социальное обеспечение и иные выплаты населению | B99: 10 | C99: 01 | D99: 89 | E99: 1 | F99: 00 | G99: 03010 | H99: 300 | I99: =I100 -> 243.5 | J99: =J100 -> 210.7 | K99: =K100 -> 176.7
A100: Публичные нормативные социальные выплаты гражданам | B100: 10 | C100: 01 | D100: 89 | E100: 1 | F100: 00 | G100: 03010 | H100: 310 | I100: ='Прил 2'!J101 -> 243.5 | J100: ='Прил 2'!K101 -> 210.7 | K100: ='Прил 2'!L101 -> 176.7
...

Sheet Прил 4
J1: Приложение 4 к решению Совета депутатов Пушкинского сельского поселения "О бюджете Пушкинского сельского поселения Кадошкинского муниципального района Республики Мордовия на 2022 год и на плановый период 2023 и 2024 годов"
A2: РАСПРЕДЕЛЕНИЕ БЮДЖЕТНЫХ АССИГНОВАНИЙ БЮДЖЕТА ПУШКИНСКОГО СЕЛЬСКОГО ПОСЕЛЕНИЯ КАДОШКИНСКОГО МУНИЦИПАЛЬНОГО РАЙОНА РЕСПУБЛИКИ МОРДОВИЯ ПО ЦЕЛЕВЫМ СТАТЬЯМ (МУНИЦИПАЛЬНЫМ ПРОГРАММАМ И НЕПРОГРАММНЫМ НАПРАВЛЕНИЯМ ДЕЯТЕЛЬНОСТИ), ГРУППАМ И ПОДГРУППАМ ВИДОВ РАСХОДОВ, РАЗДЕЛАМ И ПОДРАЗДЕЛАМ КЛАССИФИКАЦИИ РАСХОДОВ БЮДЖЕТОВ НА 2022 ГОД НА ПЛАНОВЫЙ ПЕРИОД 2023 И 2024 ГОДОВ
L3: (тыс. рублей)
A4: Наименование | B4: Цср | F4: ВР | G4: Рз | H4: Прз | I4: Адм | J4: Сумма
J5: 2022 год | K5: 2023 год | L5: 2024 год
A6: 1 | B6: 2 | C6: 3 | D6: 4 | E6: 5 | F6: 6 | G6: 7 | H6: 8 | I6: 9 | J6: 10 | K6: 11 | L6: 12
A7: ВСЕГО | J7: =J35+J65+J8+J15+J22 -> 4376.4724 | K7: =K35+K65+K8+K15+K22 -> 1306.8 | L7: =L35+L65+L8+L15+L22 -> 1299.2
A8: Программа "Развитие муниципальной службы в Паевском сельском поселении на 2020-2022 годы" | B8: 01 | J8: =J9 -> 1 | K8: =K9 -> 0 | L8: =L9 -> 0
A9: Подготовка, переподготовка и повышение квалификации кадров | B9: 01 | C9: 0 | D9: 00 | E9: 41250 | J9: =J10 -> 1 | K9: =K10 -> 0 | L9: =L10 -> 0
A10: Закупка товаров, работ и услуг для обеспечения государственных (муниципальных) нужд | B10: 01 | C10: 0 | D10: 00 | E10: 41250 | F10: 200 | J10: =J11 -> 1 | K10: =K11 -> 0 | L10: =L11 -> 0
A11: Иные закупки товаров, работ и услуг для обеспечения государственных (муниципальных) нужд | B11: 01 | C11: 0 | D11: 00 | E11: 41250 | F11: 240 | J11: =J12 -> 1 | K11: =K12 -> 0 | L11: =L12 -> 0
A12: Общегосударственные вопросы | B12: 01 | C12: 0 | D12: 00 | E12: 41250 | F12: 240 | G12: 01 | J12: =J13 -> 1 | K12: =K13 -> 0 | L12: =L13 -> 0
A13: Другие общегосударственные вопросы | B13: 01 | C13: 0 | D13: 00 | E13: 41250 | F13: 240 | G13: 01 | H13: 13 | J13: =J14 -> 1 | K13: =K14 -> 0 | L13: =L14 -> 0
A14: Администрация Пушкинского сельского поселения Кадошкинского муниципального района Республики Мордовия | B14: 01 | C14: 0 | D14: 00 | E14: 41250 | F14: 240 | G14: 01 | H14: 13 | I14: 919 | J14: ='Прил 2'!J43 -> 1 | K14: ='Прил 2'!K43 -> 0 | L14: ='Прил 2'!L43 -> 0
A15: Программа "Пожарная безопасность на территории Пушкинского сельского поселения Кадошкинского муниципального района Республики Мордовия на 2020-2022г.г." | B15: 08 | J15: =J16 -> 0.5 | K15: =K16 -> 0 | L15: =L16 -> 0
A16: Мероприятия по обеспечению пожарной безопасности | B16: 08 | C16: 0 | D16: 00 | E16: 42120 | J16: =J17 -> 0.5 | K16: =K17 -> 0 | L16: =L17 -> 0
A17: Закупка товаров, работ и услуг для обеспечения государственных (муниципальных) нужд | B17: 08 | C17: 0 | D17: 00 | E17: 42120 | F17: 200 | J17: =J18 -> 0.5 | K17: =K18 -> 0 | L17: =L18 -> 0
A18: Иные закупки товаров, работ и услуг для обеспечения государственных (муниципальных) нужд | B18: 08 | C18: 0 | D18: 00 | E18: 42120 | F18: 240 | J18: =J19 -> 0.5 | K18: =K19 -> 0 | L18: =L19 -> 0
A19: Общегосударственные вопросы | B19: 08 | C19: 0 | D19: 00 | E19: 42120 | F19: 240 | G19: 01 | J19: =J20 -> 0.5 | K19: =K20 -> 0 | L19: =L20 -> 0
A20: Другие общегосударственные вопросы | B20: 08 | C20: 0 | D20: 00 | E20: 42120 | F20: 240 | G20: 01 | H20: 13 | J20: =J21 -> 0.5 | K20: =K21 -> 0 | L20: =L21 -> 0
A21: Администрация Пушкинского сельского поселения Кадошкинского муниципального района Республики Мордовия | B21: 08 | C21: 0 | D21: 00 | E21: 42120 | F21: 240 | G21: 01 | H21: 13 | I21: 919 | J21: ='Прил 2'!J47 -> 0.5 | K21: ='Прил 2'!K47 -> 0 | L21: ='Прил 2'!L47 -> 0
A22: Программа комплексного развития транспортной инфраструктуры Пушкинского сельского поселения Кадошкинского муниципального района Республики Мордовия на 2017-2025 годы | B22: 13 | J22: =J23+J29 -> 894.4 | K22: =K29 -> 534 | L22: =L29 -> 566.2
A23: Ремонт автомобильных дорог общего пользования местного значения и искусственных сооружений на них за счет средств местного бюджета | B23: 13 | C23: 0 | D23: 00 | E23: 42520 | J23: =J24 -> 250 | K23: =K24 -> 0 | L23: =L24 -> 0
A24: Иные закупки товаров, работ и услуг для обеспечения государственных (муниципальных) нужд | B24: 13 | C24: 0 | D24: 00 | E24: 42520 | F24: 200 | J24: =J25 -> 250 | K24: =K25 -> 0 | L24: =L25 -> 0
A25: Прочая закупка товаров, работ и услуг | B25: 13 | C25: 0 | D25: 00 | E25: 42520 | F25: 240 | J25: =J26 -> 250 | K25: =K26 -> 0 | L25: =L26 -> 0
A26: Национальная экономика | B26: 13 | C26: 0 | D26: 00 | E26: 42520 | F26: 240 | G26: 04 | J26: =J27 -> 250 | K26: =K27 -> 0 | L26: =L27 -> 0
A27: Дорожное хозяйство (дорожные фонды) | B27: 13 | C27: 0 | D27: 00 | E27: 42520 | F27: 240 | G27: 04 | H27: 09 | J27: =J28 -> 250 | K27: =K28 -> 0 | L27: =L28 -> 0
A28: Администрация Пушкинского сельского поселения Кадошкинского муниципального района Республики Мордовия | B28: 13 | C28: 0 | D28: 00 | E28: 42520 | F28: 240 | G28: 04 | H28: 09 | I28: 919 | J28: ='Прил 2'!J75 -> 250 | K28: ='Прил 2'!K75 -> 0 | L28: ='Прил 2'!L75 -> 0
A29: Иные межбюджетные трансферты на осуществление полномочий по дорожной деятельности в отношении автомобильных дорог местного значения в границах населенных пунктов поселения и обеспечению безопасности дорожного движения на них, включая создание и обеспечение функционирования парковок (парковочных мест), осуществлению муниципального контроля за сохранностью автомобильных дорог местного значения в границах населенных пунктов поселения, организации дорожного движения, а также осуществлению иных полномочий в области использования автомобильных дорог и осуществления дорожной деятельности в соответствии с законодательством Российской Федерации | B29: 13 | C29: 0 | D29: 00 | E29: 44102 | J29: =J30 -> 644.4 | K29: =K30 -> 534 | L29: =L30 -> 566.2
A30: Иные закупки товаров, работ и услуг для обеспечения государственных (муниципальных) нужд | B30: 13 | C30: 0 | D30: 00 | E30: 44102 | F30: 200 | J30: =J31 -> 644.4 | K30: =K31 -> 534 | L30: =L31 -> 566.2
A31: Прочая закупка товаров, работ и услуг | B31: 13 | C31: 0 | D31: 00 | E31: 44102 | F31: 240 | J31: =J32 -> 644.4 | K31: =K32 -> 534 | L31: =L32 -> 566.2
A32: Национальная экономика | B32: 13 | C32: 0 | D32: 00 | E32: 44102 | F32: 240 | G32: 04 | J32: =J33 -> 644.4 | K32: =K33 -> 534 | L32: =L33 -> 566.2
A33: Дорожное хозяйство (дорожные фонды) | B33: 13 | C33: 0 | D33: 00 | E33: 44102 | F33: 240 | G33: 04 | H33: 09 | J33: =J34 -> 644.4 | K33: =K34 -> 534 | L33: =L34 -> 566.2
A34: Администрация Пушкинского сельского поселения Кадошкинского муниципального района Республики Мордовия | B34: 13 | C34: 0 | D34: 00 | E34: 44102 | F34: 240 | G34: 04 | H34: 09 | I34: 919 | J34: ='Прил 2'!J78 -> 644.4 | K34: ='Прил 2'!K78 -> 534 | L34: ='Прил 2'!L78 -> 566.2
A35: Обеспечение деятельности администрации | B35: 65 | J35: =J36+J43 -> 2112.6 | K35: =K36+K43 -> 377.7 | L35: =L36+L43 -> 304.1
A36: Высшее должностное лицо | B36: 65 | C36: 1 | J36: =J37 -> 232 | K36: =K37 -> 134.3 | L36: =L37 -> 66.9
A37: Расходы на выплаты по оплате труда высшего должностного лица муниципального образования | B37: 65 | C37: 1 | D37: 00 | E37: 41150 | J37: =J40 -> 232 | K37: =K40 -> 134.3 | L37: =L40 -> 66.9
A38: Расходы на выплаты персоналу в целях обеспечения выполнения функций государственными (муниципальными) органами, казенными учреждениями, органами управления государственными внебюджетными фондами | B38: 65 | C38: 1 | D38: 00 | E38: 41150 | F38: 100 | J38: =J39 -> 232 | K38: =K39 -> 134.3 | L38: =L39 -> 66.9
A39: Расходы на выплаты персоналу государственных (муниципальных) органов | B39: 65 | C39: 1 | D39: 00 | E39: 41150 | F39: 120 | J39: =J40 -> 232 | K39: =K40 -> 134.3 | L39: =L40 -> 66.9
A40: Общегосударственные вопросы | B40: 65 | C40: 1 | D40: 00 | E40: 41150 | F40: 120 | G40: 01 | J40: =J41 -> 232 | K40: =K41 -> 134.3 | L40: =L41 -> 66.9
A41: Функционирование высшего должностного лица субъекта Российской Федерации и муниципального образования | B41: 65 | C41: 1 | D41: 00 | E41: 41150 | F41: 120 | G41: 01 | H41: 02 | J41: =J42 -> 232 | K41: =K42 -> 134.3 | L41: =L42 -> 66.9
A42: Администрация Пушкинского сельского поселения Кадошкинского муниципального района Республики Мордовия | B42: 65 | C42: 1 | D42: 00 | E42: 41150 | F42: 120 | G42: 01 | H42: 02 | I42: 919 | J42: ='Прил 2'!J15 -> 232 | K42: ='Прил 2'!K15 -> 134.3 | L42: ='Прил 2'!L15 -> 66.9
A43: Непрограммные расходы в рамках обеспечения деятельности администрации | B43: 65 | C43: 2 | J43: =J44+J50 -> 1880.6 | K43: =K44+K50 -> 243.4 | L43: =L44+L50 -> 237.2
A44: Расходы на выплаты по оплате труда работников органов местного самоуправления | B44: 65 | C44: 2 | D44: 00 | E44: 41110 | J44: =J45 -> 944.4 | K44: =K47 -> 204.9 | L44: =L47 -> 200
A45: Расходы на выплаты персоналу в целях обеспечения выполнения функций государственными (муниципальными) органами, казенными учреждениями, органами управления государственными внебюджетными фондами | B45: 65 | C45: 2 | D45: 00 | E45: 41110 | F45: 100 | J45: =J46 -> 944.4 | K45: =K46 -> 204.9 | L45: =L46 -> 200
A46: Расходы на выплаты персоналу государственных (муниципальных) органов | B46: 65 | C46: 2 | D46: 00 | E46: 41110 | F46: 120 | J46: =J47 -> 944.4 | K46: =K47 -> 204.9 | L46: =L47 -> 200
A47: Общегосударственные вопросы | B47: 65 | C47: 2 | D47: 00 | E47: 41110 | F47: 120 | G47: 01 | J47: =J48 -> 944.4 | K47: =K48 -> 204.9 | L47: =L48 -> 200
A48: Функционирование Правительства Российской Федерации, высших органов исполнительной власти субъектов Российской Федерации, местных администраций | B48: 65 | C48: 2 | D48: 00 | E48: 41110 | F48: 120 | G48: 01 | H48: 04 | J48: =J49 -> 944.4 | K48: =K49 -> 204.9 | L48: =L49 -> 200
A49: Администрация Пушкинского сельского поселения Кадошкинского муниципального района Республики Мордовия | B49: 65 | C49: 2 | D49: 00 | E49: 41110 | F49: 120 | G49: 01 | H49: 04 | I49: 919 | J49: ='Прил 2'!J21 -> 944.4 | K49: ='Прил 2'!K21 -> 204.9 | L49: ='Прил 2'!L21 -> 200
A50: Расходы на обеспечение функций органов местного самоуправленя | B50: 65 | C50: 2 | D50: 00 | E50: 41120 | J50: =J53+J56 -> 936.2 | K50: =K53+K56 -> 38.5 | L50: =L53+L56 -> 37.2
A51: Закупка товаров, работ и услуг для обеспечения государственных (муниципальных) нужд | B51: 65 | C51: 2 | D51: 00 | E51: 41120 | F51: 200 | J51: =J52 -> 879.7 | K51: =K52 -> 26.5 | L51: =L52 -> 25.2
A52: Иные закупки товаров, работ и услуг для обеспечения государственных (муниципальных) нужд | B52: 65 | C52: 2 | D52: 00 | E52: 41120 | F52: 240 | J52: =J53 -> 879.7 | K52: =K53 -> 26.5 | L52: =L53 -> 25.2
A53: Общегосударственные вопросы | B53: 65 | C53: 2 | D53: 00 | E53: 41120 | F53: 240 | G53: 01 | J53: =J54 -> 879.7 | K53: =K54 -> 26.5 | L53: =L54 -> 25.2
A54: Функционирование Правительства Российской Федерации, высших органов исполнительной власти субъектов Российской Федерации, местных администраций | B54: 65 | C54: 2 | D54: 00 | E54: 41120 | F54: 240 | G54: 01 | H54: 04 | J54: =J55 -> 879.7 | K54: =K55 -> 26.5 | L54: =L55 -> 25.2
A55: Администрация Пушкинского сельского поселения Кадошкинского муниципального района Республики Мордовия | B55: 65 | C55: 2 | D55: 00 | E55: 41120 | F55: 240 | G55: 01 | H55: 04 | I55: 919 | J55: ='Прил 2'!J23 -> 879.7 | K55: ='Прил 2'!K23 -> 26.5 | L55: ='Прил 2'!L23 -> 25.2
A56: Закупка товаров, работ и услуг для обеспечения государственных (муниципальных) нужд | B56: 65 | C56: 2 | D56: 00 | E56: 41120 | F56: 800 | J56: =J57+J61 -> 56.5 | K56: =K61 -> 12 | L56: =L61 -> 12
A57: Исполнение судебных актов | B57: 65 | C57: 2 | D57: 00 | E57: 41120 | F57: 830 | J57: =J58 -> 1 | K57: =K58 -> 0 | L57: =L58 -> 0
A58: Общегосударственные вопросы | B58: 65 | C58: 2 | D58: 00 | E58: 41120 | F58: 830 | G58: 01 | J58: =J59 -> 1 | K58: =K59 -> 0 | L58: =L59 -> 0
A59: Функционирование Правительства Российской Федерации, высших органов исполнительной власти субъектов Российской Федерации, местных администраций | B59: 65 | C59: 2 | D59: 00 | E59: 41120 | F59: 830 | G59: 01 | H59: 04 | J59: =J60 -> 1 | K59: =K60 -> 0 | L59: =L60 -> 0
A60: Администрация Пушкинского сельского поселения Кадошкинского муниципального района Республики Мордовия | B60: 65 | C60: 2 | D60: 00 | E60: 41120 | F60: 830 | G60: 01 | H60: 04 | I60: 919 | J60: ='Прил 2'!J26 -> 1 | K60: ='Прил 2'!K26 -> 0 | L60: ='Прил 2'!L26 -> 0
A61: Иные закупки товаров, работ и услуг для обеспечения государственных (муниципальных) нужд | B61: 65 | C61: 2 | D61: 00 | E61: 41120 | F61: 850 | J61: =J62 -> 55.5 | K61: =K62 -> 12 | L61: =L62 -> 12
A62: Общегосударственные вопросы | B62: 65 | C62: 2 | D62: 00 | E62: 41120 | F62: 850 | G62: 01 | J62: =J63 -> 55.5 | K62: =K63 -> 12 | L62: =L63 -> 12
A63: Функционирование Правительства Российской Федерации, высших органов исполнительной власти субъектов Российской Федерации, местных администраций | B63: 65 | C63: 2 | D63: 00 | E63: 41120 | F63: 850 | G63: 01 | H63: 04 | J63: =J64 -> 55.5 | K63: =K64 -> 12 | L63: =L64 -> 12
A64: Администрация Пушкинского сельского поселения Кадошкинского муниципального района Республики Мордовия | B64: 65 | C64: 2 | D64: 00 | E64: 41120 | F64: 850 | G64: 01 | H64: 04 | I64: 919 | J64: ='Прил 2'!J27 -> 55.5 | K64: ='Прил 2'!K25 -> 12 | L64: ='Прил 2'!L25 -> 12
A65: Непрограммные расходы главных распорядителей средств бюджета Пушкинского сельского поселения Кадошкинского муниципального района Республики Мордовия | B65: 89 | J65: =J66 -> 1367.9724 | K65: =K66 -> 395.1 | L65: =L66 -> 428.9
A66: Непрограммные расходы в рамках обеспечения деятельности главных распорядителей средств бюджета Пушкинского сельского поселения Кадошкинского муниципального района Республики Мордовия | B66: 89 | C66: 1 | J66: =J72+J73+J89+J119+J125+J136+J107+J113+J130+J95+J96+J142 -> 1367.9724 | K66: =K72+K83+K89+K119+K125+K136+K107+K113+K130+K95 -> 395.1 | L66: =L72+L83+L89+L119+L125+L136+L107+L113+L130+L95 -> 428.9
A67: Доплаты к пенсиям муниципальных служащих | B67: 89 | C67: 1 | D67: 00 | E67: 03010 | J67: =J70 -> 243.5 | K67: =K70 -> 210.7 | L67: =L70 -> 176.7
A68: Социальное обеспечение и иные выплаты населению | B68: 89 | C68: 1 | D68: 00 | E68: 03010 | F68: 300 | J68: =J69 -> 243.5 | K68: =K69 -> 210.7 | L68: =L69 -> 176.7
A69: Публичные нормативные социальные выплаты гражданам | B69: 89 | C69: 1 | D69: 00 | E69: 03010 | F69: 310 | J69: =J70 -> 243.5 | K69: =K70 -> 210.7 | L69: =L70 -> 176.7
A70: Социальная политика | B70: 89 | C70: 1 | D70: 00 | E70: 03010 | F70: 310 | G70: 10 | J70: =J71 -> 243.5 | K70: =K71 -> 210.7 | L70: =L71 -> 176.7
A71: Пенсионное обеспечение | B71: 89 | C71: 1 | D71: 00 | E71: 03010 | F71: 310 | G71: 10 | H71: 01 | J71: =J72 -> 243.5 | K71: =K72 -> 210.7 | L71: =L72 -> 176.7
A72: Администрация Пушкинского сельского поселения Кадошкинского муниципального района Республики Мордовия | B72: 89 | C72: 1 | D72: 00 | E72: 03010 | F72: 310 | G72: 10 | H72: 01 | I72: 919 | J72: ='Прил 2'!J101 -> 243.5 | K72: ='Прил 2'!K101 -> 210.7 | L72: ='Прил 2'!L101 -> 176.7
A73: Резервный фонд администрации Пушкинского сельского поселения Кадошкинского муниципального района Республики Мордовия | B73: 89 | C73: 1 | D73: 00 | E73: 41180 | J73: =J81+J76 -> 11 | K73: =K81 -> 1 | L73: =L81 -> 1
A74: Закупка товаров, работ и услуг для обеспечения государственных (муниципальных) нужд | B74: 89 | C74: 1 | D74: 00 | E74: 41180 | F74: 200 | J74: =J75 -> 0.32 | K74: =K75 -> 0 | L74: =L75 -> 0
A75: Иные закупки товаров, работ и услуг для обеспечения государственных (муниципальных) нужд | B75: 89 | C75: 1 | D75: 00 | E75: 41180 | F75: 240 | J75: =J76 -> 0.32 | K75: =K76 -> 0 | L75: =L76 -> 0
A76: Общегосударственные вопросы | B76: 89 | C76: 1 | D76: 00 | E76: 41180 | F76: 240 | G76: 01 | J76: =J77 -> 0.32 | K76: =K77 -> 0 | L76: =L77 -> 0
A77: Резервные фонды | B77: 89 | C77: 1 | D77: 00 | E77: 41180 | F77: 240 | G77: 01 | H77: 11 | J77: =J78 -> 0.32 | K77: =K78 -> 0 | L77: =L78 -> 0
A78: Администрация Пушкинского сельского поселения Кадошкинского муниципального района Республики Мордовия | B78: 89 | C78: 1 | D78: 00 | E78: 41180 | F78: 240 | G78: 01 | H78: 11 | I78: 919 | J78: ='Прил 2'!J66 -> 0.32 | K78: ='Прил 2'!K66 -> 0 | L78: ='Прил 2'!L66 -> 0
A79: Иные бюджетные ассигнования | B79: 89 | C79: 1 | D79: 00 | E79: 41180 | F79: 800 | J79: =J80 -> 10.68 | K79: =K80 -> 1 | L79: =L80 -> 1
A80: Резервные средства | B80: 89 | C80: 1 | D80: 00 | E80: 41180 | F80: 870 | J80: =J81 -> 10.68 | K80: =K81 -> 1 | L80: =L81 -> 1
A81: Общегосударственные вопросы | B81: 89 | C81: 1 | D81: 00 | E81: 41180 | F81: 870 | G81: 01 | J81: =J82 -> 10.68 | K81: =K82 -> 1 | L81: =L82 -> 1
A82: Резервные фонды | B82: 89 | C82: 1 | D82: 00 | E82: 41180 | F82: 870 | G82: 01 | H82: 11 | J82: =J83 -> 10.68 | K82: =K83 -> 1 | L82: =L83 -> 1
A83: Администрация Пушкинского сельского поселения Кадошкинского муниципального района Республики Мордовия | B83: 89 | C83: 1 | D83: 00 | E83: 41180 | F83: 870 | G83: 01 | H83: 11 | I83: 919 | J83: ='Прил 2'!J38 -> 10.68 | K83: ='Прил 2'!K38 -> 1 | L83: ='Прил 2'!L38 -> 1
A84: Процентные платежи по муниципальному долгу | B84: 89 | C84: 1 | D84: 00 | E84: 41240 | J84: =J87 -> 16.1 | K84: =K87 -> 3.3 | L84: =L87 -> 3.3
A85: Обслуживание государственного (муниципального) долга | B85: 89 | C85: 1 | D85: 00 | E85: 41240 | F85: 700 | J85: =J86 -> 16.1 | K85: =K86 -> 3.3 | L85: =L86 -> 3.3
A86: Обслуживание муниципального долга | B86: 89 | C86: 1 | D86: 00 | E86: 41240 | F86: 730 | J86: =J87 -> 16.1 | K86: =K87 -> 3.3 | L86: =L87 -> 3.3
A87: Обслуживание государственного и муниципального долга | B87: 89 | C87: 1 | D87: 00 | E87: 41240 | F87: 730 | G87: 13 | J87: =J88 -> 16.1 | K87: =K88 -> 3.3 | L87: =L88 -> 3.3
A88: Обслуживание государственного внутреннего и муниципального долга | B88: 89 | C88: 1 | D88: 00 | E88: 41240 | F88: 730 | G88: 13 | H88: 01 | J88: =J89 -> 16.1 | K88: =K89 -> 3.3 | L88: =L89 -> 3.3
A89: Администрация Пушкинского сельского поселения Кадошкинского муниципального района Республики Мордовия | B89: 89 | C89: 1 | D89: 00 | E89: 41240 | F89: 730 | G89: 13 | H89: 01 | I89: 919 | J89: ='Прил 2'!J108 -> 16.1 | K89: ='Прил 2'!K108 -> 3.3 | L89: ='Прил 2'!L108 -> 3.3
A90: Условно утверждаемые расходы | B90: 89 | C90: 1 | D90: 00 | E90: 41990 | J90: =J91 -> 0 | K90: =K91 -> 32.8 | L90: =L91 -> 66.8
A91: Иные бюджетные ассигнования | B91: 89 | C91: 1 | D91: 00 | E91: 41990 | F91: 800 | J91: =J92 -> 0 | K91: =K92 -> 32.8 | L91: =L92 -> 66.8
A92: Резервные средства | B92: 89 | C92: 1 | D92: 00 | E92: 41990 | F92: 870 | J92: =J93 -> 0 | K92: =K93 -> 32.8 | L92: =L93 -> 66.8
A93: Условно утверждаемые расходы | B93: 89 | C93: 1 | D93: 00 | E93: 41990 | F93: 870 | G93: 99 | J93: =J94 -> 0 | K93: =K94 -> 32.8 | L93: =L94 -> 66.8
A94: Условно утверждаемые расходы | B94: 89 | C94: 1 | D94: 00 | E94: 41990 | F94: 870 | G94: 99 | H94: 99 | J94: =J95 -> 0 | K94: =K95 -> 32.8 | L94: =L95 -> 66.8
A95: Администрация Пушкинского сельского поселения Кадошкинского муниципального района Республики Мордовия | B95: 89 | C95: 1 | D95: 00 | E95: 41990 | F95: 870 | G95: 99 | H95: 99 | I95: 919 | J95: ='Прил 2'!J115 -> 0 | K95: ='Прил 2'!K115 -> 32.8 | L95: ='Прил 2'!L115 -> 66.8
A96: Мероприятия по обеспечению пожарной безопасности | B96: 89 | C96: 1 | D96: 00 | E96: 42120 | J96: =J97 -> 150 | K96: =K97 -> 0 | L96: =L97 -> 0
A97: Закупка товаров, работ и услуг для обеспечения государственных (муниципальных) нужд | B97: 89 | C97: 1 | D97: 00 | E97: 42120 | F97: 200 | J97: =J98 -> 150 | K97: =K98 -> 0 | L97: =L98 -> 0
A98: Иные закупки товаров, работ и услуг для обеспечения государственных (муниципальных) нужд | B98: 89 | C98: 1 | D98: 00 | E98: 42120 | F98: 240 | J98: =J99 -> 150 | K98: =K99 -> 0 | L98: =L99 -> 0
A99: Национальная безопасность и правоохранительная деятельность | B99: 89 | C99: 1 | D99: 00 | E99: 42120 | F99: 240 | G99: 03 | J99: =J100 -> 150 | K99: =K100 -> 0 | L99: =L100 -> 0
A100: Защита населения и территории от чрезвычайных ситуаций природного и техногенного характера, пожарная безопасность | B100: 89 | C100: 1 | D100: 00 | E100: 42120 | F100: 240 | G100: 03 | H100: 10 | J100: =J101 -> 150 | K100: =K101 -> 0 | L100: =L101 -> 0
...

Sheet Прил 5
C1: Приложение 5 к решению Совета депутатов Пушкинского сельского поселения "О бюджете Пушкинского сельского поселения Кадошкинского муниципального района Республики Мордовия на 2022 год и на плановый период 2023 и 2024 годов"
A2: ИСТОЧНИКИ ВНУТРЕННЕГО ФИНАНСИРОВАНИЯ ДЕФИЦИТА БЮДЖЕТА ПУШКИНСКОГО СЕЛЬСКОГО ПОСЕЛЕНИЯ КАДОШКИНСКОГО МУНИЦИПАЛЬНОГО РАЙОНА РЕСПУБЛИКИ МОРДОВИЯ НА 2022 ГОД И НА ПЛАНОВЫЙ ПЕРИОД 2023 И 2024 ГОДОВ
E3: (тыс.руб.)
A4: Код | B4: Наименование кода группы, подгруппы, статьи, вида источника финансирования дефицитов бюджетов, кода классификации операций сектора государственного управления, относящихся к источникам финансирования дефицитов бюджетов Российской Федерации | C4: Сумма (тыс. руб.)
C5: 2022 год | D5: 2023 год | E5: 2024 год
A6: 000 01 00 00 00 00 0000 000 | B6: ИСТОЧНИКИ ВНУТРЕННЕГО ФИНАНСИРОВАНИЯ ДЕФИЦИТОВ БЮДЖЕТОВ | C6: =C7+C14+C10 -> -465.9976 | D6: =D7+D14+D10 -> -99.9 | E6: =E7+E14+E10 -> -133.1
A7: 000 01 02 00 00 00 0000 000 | B7: Кредиты кредитных организаций в валюте Российской Федерации | C7: =SUM(C8) -> 0 | D7: =SUM(D8) -> 0 | E7: =SUM(E8) -> 0
A8: 000 01 02 00 00 00 0000 700 | B8: Получение кредитов от кредитных организаций в валюте Российской Федерации | C8: =SUM(C9) -> 0 | D8: =SUM(D9) -> 0 | E8: =SUM(E9) -> 0
A9: 000 01 02 00 00 10 0000 710 | B9: Получение кредитов от кредитных организаций бюджетами сельских поселений в валюте Российской Федерации | C9: 0 | D9: 0 | E9: 0
A10: 000 01 03 00 00 00 0000 000 | B10: Бюджетные кредиты из других бюджетов бюджетной системы Российской Федерации | C10: =C11 -> -465.99756 | D10: =D11 -> -99.9 | E10: =E11 -> -133.1
A11: 000 01 03 01 00 00 0000 800 | B11: Погашение бюджетных кредитов, полученных из других бюджетов бюджетной системы Российской Федерации в валюте Российской Федерации | C11: =C12 -> -465.99756 | D11: =D12 -> -99.9 | E11: =E12 -> -133.1
A12: 000 01 03 01 00 10 0000 800 | B12: Погашение бюджетных кредитов, полученных из других бюджетов бюджетной системы Российской Федерации в валюте Российской Федерации | C12: =SUM(C13) -> -465.99756 | D12: =SUM(D13) -> -99.9 | E12: =SUM(E13) -> -133.1
A13: 000 01 03 01 00 10 0000 810 | B13: Погашение бюджетами сельских поселений кредитов из других бюджетов бюджетной системы Российской Федерации в валюте Российской Федерации | C13: -465.99756 | D13: -99.9 | E13: -133.1
A14: 000 01 05 00 00 00 0000 000 | B14: Изменение остатков средств на счетах по учету средств бюджетов | C14: =C17+C18 -> -4.0000001e-05 | D14: =D17+D18 -> 0 | E14: =E17+E18 -> 0
A15: 000 01 05 02 00 00 0000 500 | B15: Увеличение прочих остатков средств бюджетов | C15: =SUM(C16) -> -4842.47 | D15: =SUM(D16) -> -1406.7 | E15: =SUM(E16) -> -1432.3
A16: 000 01 05 02 01 00 0000 510 | B16: Увеличение прочих остатков денежных средств бюджетов | C16: =SUM(C17) -> -4842.47 | D16: =SUM(D17) -> -1406.7 | E16: =SUM(E17) -> -1432.3
A17: 000 01 05 02 01 10 0000 510 | B17: Увеличение прочих остатков денежных средств бюджетов сельских поселений | C17: =-'Прил 1'!C7-C9 -> -4842.47 | D17: =-'Прил 1'!D7-D9 -> -1406.7 | E17: =-'Прил 1'!E7-E9 -> -1432.3
A18: 000 01 05 02 00 00 0000 600 | B18: Уменьшение прочих остатков средств бюджетов | C18: =SUM(C19) -> 4842.47 | D18: =SUM(D19) -> 1406.7 | E18: =SUM(E19) -> 1432.3
A19: 000 01 05 02 01 00 0000 610 | B19: Уменьшение прочих остатков денежных средств бюджетов | C19: =SUM(C20) -> 4842.47 | D19: =SUM(D20) -> 1406.7 | E19: =SUM(E20) -> 1432.3
A20: 000 01 05 02 01 10 0000 610 | B20: Уменьшение прочих остатков денежных средств местных бюджетов | C20: ='Прил 2'!J8-C13 -> 4842.47 | D20: ='Прил 3 '!J7-D13 -> 1406.7 | E20: ='Прил 3 '!K7-E13 -> 1432.3

Sheet Прил 6
C1: Приложение 6 к решению Совета депутатов Пушкинского сельского поселения "О бюджете Пушкинского сельского поселения Кадошкинского муниципального района Республики Мордовия на 2022 год и на плановый период 2023 и 2024 годов"
A2: ПРОГРАММА МУНИЦИПАЛЬНЫХ ВНУТРЕННИХ ЗАИМСТВОВАНИЙ ПУШКИНСКОГО СЕЛЬСКОГО ПОСЕЛЕНИЯ КАДОШКИНСКОГО МУНИЦИПАЛЬНОГО РАЙОНА РЕСПУБЛИКИ МОРДОВИЯ НА 2022 ГОД И НА ПЛАНОВЫЙ ПЕРИОД 2023 И 2024 ГОДОВ
A5: № п/п | B5: Виды заимствований | C5: Сумма (тыс.руб.)
C6: 2022 год | D6: 2023 год | E6: 2024 год
A7: 1 | B7: 2 | C7: 3 | D7: 4 | E7: 5
A8: I | B8: Кредиты кредитных организаций в валюте Российской Федерации | C8: =C10 -> 0 | D8: =D10 -> 0 | E8: =E10 -> 0
B9: в том числе:
A10: 1 | B10: Объем привлечения
A11: 2 | B11: Объем средств, напрвляемых на погашение основной суммы долга
A12: II | B12: Бюджетные кредиты от других бюджетов бюджетной системы Российской Федерации | C12: =C15 -> -465.9976 | D12: =D15 -> -99.9 | E12: =E15 -> -133.1
B13: в том числе
A14: 1 | B14: Объем привлечения
A15: 2 | B15: Объем средств, напрвляемых на погашение основной суммы долга | C15: ='Прил 5'!C6 -> -465.9976 | D15: -99.9 | E15: -133.1
B16: ВСЕГО | C16: =C10+C15 -> -465.9976 | D16: =D10+D15 -> -99.9 | E16: =E10+E15 -> -133.1
